 Dungeon Crawl Stone Soup version 0.29-a0-334-gb41bcbb86e (webtiles) character file.

Game seed: 16953002762895203851

734105 spiderkeys the Conqueror (level 27, -22/273 HPs)
             Began as a Ghoul Abyssal Knight on Apr 15, 2022.
             Was the Champion of Lugonu.
             Killed from afar by a quicksilver dragon (31 damage)
             ... with a bolt of dispelling energy
             ... on level 1 of the Abyss.
             The game lasted 03:18:14 (113825 turns).

spiderkeys the Conqueror (Ghoul Abyssal Knight)   Turns: 113825, Time: 03:18:14

Health: -22/273    AC: 53    Str: 34    XL:     27
Magic:  11/29      EV:  8    Int: 10    God:    Lugonu [******]
Gold:   5536       SH: 27    Dex: 14    Spells: 21/26 levels left

rFire   + + +      SeeInvis +   V - +9 broad axe (distort)
rCold   + . .      Faith    .   B - +1 tower shield
rNeg    + + +      Spirit   .   c - +12 gold dragon scales {rare}
rPois   ∞          Reflect  +   e - +2 helmet {Int+3}
rElec   .          Harm     .   Y - +0 cloak "Vasukeudgh" {rF+ Dex+2 Stlth+}
rCorr   +          Rampage  .   s - +2 pair of gloves {Stlth+}
Will    +++..                   w - +2 pair of boots
Stlth   ..........              H - amulet "Zucixt" {Reflect rCorr Str+2 Int+2 Dex+3 SH+5}
HPRegen 0.00/turn               n - ring "Wasami Nyr" {Fire Will+ Str+5 Slay+3}
MPRegen 0.21/turn               h - ring of Egush {+Blink rCorr Str-4 Slay+5 SInv}

@: inhibited regen
A: claws 1, cold resistance 1, negative energy resistance 3, inhibited
regeneration, torment resistance 2, devour on kill
}: 5/15 runes: decaying, slimy, silver, abyssal, gossamer
a: Renounce Religion, Evoke Blink, Depart the Abyss, Bend Space, Banish,
Corrupt, Enter the Abyss


You were on level 1 of the Abyss.
You worshipped Lugonu.
Lugonu was exalted by your worship.
You visited 12 branches of the dungeon, and saw 57 of its levels.
You visited Pandemonium 1 time, and saw 5 of its levels.
You visited the Abyss 4 times.
You visited 1 bazaar.
You visited 1 ziggurat, and saw 11 of its levels.
You also visited: Gauntlet and Wizlab.

You collected 12865 gold pieces.
You spent 7329 gold pieces at shops.


Innate Abilities, Weirdness & Mutations

You are immune to poison.
You have sharp fingernails.
Your flesh is cold resistant. (rC+)
You are immune to negative energy. (rN+++)
You do not regenerate when monsters are visible.
You are immune to unholy pain and torment.
You thrive by killing the living.


   Skills:
 O Level 27 Fighting
 - Level 18.0 Axes
 - Level 5.0(16.6) Slings
 - Level 5.4 Crossbows
 + Level 23.9(24.1) Throwing
 O Level 27 Armour
 - Level 1.0 Dodging
 + Level 19.2 Shields
 * Level 9.0 Translocations
 - Level 10.0 Invocations


You had 21 spell levels left.
You knew the following spells:

 Your Spells              Type           Power      Damage    Failure   Level
m - Manifold Assault      Tloc           18%        N/A       95%         5

Your spell library contained the following spells:

 Spells                   Type           Power      Damage    Failure   Level
 Blink                    Tloc           36%        N/A       14%         2
 Gell's Gravitas          Tloc           18%        N/A       28%         3
 Lesser Beckoning         Tloc           18%        N/A       28%         3
 Teleport Other           Tloc           18%        N/A       28%         3
 Passage of Golubria      Tloc           18%        N/A       67%         4
 Portal Projectile        Hex/Tloc       18%        N/A       88%         3
 Animate Skeleton         Necr           0%         N/A       98%         1
 Foxfire                  Conj/Fire      0%         2x1d4     98%         1
 Freeze                   Ice            0%         1d3       98%         1
 Magic Dart               Conj           0%         1d3       98%         1
 Shock                    Conj/Air       0%         1d3       98%         1
 Slow                     Hex            0%         N/A       98%         1
 Summon Small Mammal      Summ           0%         N/A       98%         1
 Call Imp                 Summ           0%         N/A       99%         2
 Corpse Rot               Necr/Air       0%         N/A       99%         2
 Ensorcelled Hibernation  Hex/Ice        0%         N/A       99%         2
 Passwall                 Tmut/Erth      0%         N/A       99%         2
 Poisonous Vapours        Pois/Air       0%         N/A       99%         2
 Scorch                   Fire           0%         2d5       99%         2
 Searing Ray              Conj           0%         2d4       99%         2
 Static Discharge         Conj/Air       0%         N/A       99%         2
 Iskenderun's Mystic Bla  Conj/Tloc      9%         2d4       99%         4
 Call Canine Familiar     Summ           0%         N/A       100%        3
 Confusing Touch          Hex            0%         N/A       100%        3
 Conjure Flame            Conj/Fire      0%         6-21      100%        3
 Dazzling Flash           Conj/Hex       0%         N/A       100%        3
 Frozen Ramparts          Ice            0%         1d2       100%        3
 Ignite Poison            Fire/Tmut/Pois 0%         N/A       100%        3
 Inner Flame              Hex/Fire       0%         N/A       100%        3
 Mephitic Cloud           Conj/Pois/Air  0%         N/A       100%        3
 Ozocubu's Armour         Ice            0%         N/A       100%        3
 Summon Guardian Golem    Hex/Summ       0%         N/A       100%        3
 Swiftness                Air            0%         N/A       100%        3
 Tukima's Dance           Hex            0%         N/A       100%        3
 Vampiric Draining        Necr           0%         2d6       100%        3
 Airstrike                Air            0%         N/A       100%        4
 Anguish                  Hex/Necr       0%         N/A       100%        4
 Animate Armour           Summ/Erth      0%         N/A       100%        4
 Animate Dead             Necr           0%         N/A       100%        4
 Cause Fear               Hex            0%         N/A       100%        4
 Dispel Undead            Necr           0%         3d6       100%        4
 Flame Wave               Conj/Fire      0%         2d4       100%        4
 Fulminant Prism          Conj/Hex       0%         3d6       100%        4
 Hailstorm                Conj/Ice       0%         3d3       100%        4
 Leda's Liquefaction      Hex/Erth       0%         N/A       100%        4
 Petrify                  Tmut/Erth      0%         N/A       100%        4
 Sticky Flame             Conj/Fire      0%         2d3       100%        4
 Summon Ice Beast         Ice/Summ       0%         N/A       100%        4
 Agony                    Necr           0%         N/A       100%        5
 Excruciating Wounds      Necr           0%         N/A       100%        5
 Fireball                 Conj/Fire      0%         3d3       100%        5
 Freezing Cloud           Conj/Ice/Air   0%         6-21      100%        5
 Irradiate                Conj/Tmut      0%         3d13      100%        5
 Lee's Rapid Deconstruct  Erth           0%         3d5*      100%        5
 Lightning Bolt           Conj/Air       0%         1d11      100%        5
 Metabolic Englaciation   Hex/Ice        0%         N/A       100%        5
 Silence                  Hex/Air        0%         N/A       100%        5
 Summon Forest            Summ/Tloc      4%         N/A       100%        5
 Summon Mana Viper        Hex/Summ       0%         N/A       100%        5
 Yara's Violent Unravell  Hex/Tmut       0%         3d3       100%        5
 Conjure Ball Lightning   Conj/Air       0%         3x3d6     100%        6
 Death Channel            Necr           0%         N/A       100%        6
 Dispersal                Tloc           9%         N/A       100%        6
 Iron Shot                Conj/Erth      0%         9d1       100%        6
 Simulacrum               Ice/Necr       0%         N/A       100%        6
 Starburst                Conj/Fire      0%         6d3       100%        6
 Summon Cactus Giant      Summ           0%         N/A       100%        6
 Enfeeble                 Hex            0%         N/A       100%        7
 Haunt                    Necr/Summ      0%         N/A       100%        7
 Orb of Destruction       Conj           0%         9d5       100%        7
 Ozocubu's Refrigeration  Ice            0%         4d5       100%        7
 Spellforged Servitor     Conj/Summ      0%         N/A       100%        7
 Summon Hydra             Summ           0%         N/A       100%        7
 Discord                  Hex            0%         N/A       100%        8
 Disjunction              Tloc           9%         N/A       100%        8
 Ignition                 Fire           0%         3d3       100%        8
 Infestation              Necr           0%         N/A       100%        8
 Chain Lightning          Conj/Air       0%         N/A       100%        9
 Dragon's Call            Summ           0%         N/A       100%        9
 Fire Storm               Conj/Fire      0%         5d1       100%        9
 Polar Vortex             Ice            0%         N/A       100%        9
 Shatter                  Erth           0%         3d5*      100%        9
 Sublimation of Blood     Necr           Unusable   N/A       N/A         2
 Wereblood                Tmut           Unusable   N/A       N/A         2
 Ice Form                 Ice/Tmut       Unusable   N/A       N/A         4
 Blade Hands              Tmut           Unusable   N/A       N/A         5
 Statue Form              Tmut/Erth      Unusable   N/A       N/A         6
 Dragon Form              Tmut           Unusable   N/A       N/A         7
 Storm Form               Tmut/Air       Unusable   N/A       N/A         7

Inventory:

Hand Weapons
 p - a +9 broad axe of freezing
   (You subdued it on level 2 of the Elven Halls)
 V - a +9 broad axe of distortion (weapon)
   (You bought it in a shop on level 2 of the Orcish Mines)
Missiles
 q - 6 boomerangs of dispersal {=f!f}
 t - 7 silver javelins
 u - 14 boomerangs (quivered)
 L - 8 silver boomerangs
 M - 9 curare-tipped darts {=f}
 T - 5 javelins
Armour
 b - a +0 kite shield of cold resistance
   (You took it off a demonspawn warmonger in Pandemonium)
 c - +12 gold dragon scales (worn) {rare}
   (You bought it in a shop on level 6 of the Dungeon)
 e - a +2 helmet of intelligence (worn)
   (You found it on level 5 of a ziggurat)
 s - a +2 pair of gloves of stealth (worn)
   (You found it on level 4 of the Spider Nest)
 w - a +2 pair of boots (worn)
   (You found it on level 3 of the Crypt)
 B - a +1 tower shield (worn)
   (You took it off a draconian knight on level 3 of the Realm of Zot)
 X - the +3 Mad Mage's Maulers {Infuse+∞ RegenMP Int-3}
   (You bought it in a shop in a bazaar)

   It empowers its wearer's blows with all of their magic.
   It causes its wearer's magical reserves to regenerate more quickly.
   Int:       It affects your intelligence (-3).
 Y - the +0 cloak "Vasukeudgh" (worn) {rF+ Dex+2 Stlth+}
   (You found it on level 8 of a ziggurat)

   Dex:       It affects your dexterity (+2).
   rF:        It protects you from fire.
   Stlth:     It makes you more stealthy.
 Z - the +1 cloak of the Desolation of Salt {Will++}
   (You found it in a Gauntlet)

   Will:      It greatly increases your willpower.
Jewellery
 h - the ring of Egush (right hand) {+Blink rCorr Str-4 Slay+5 SInv}
   (You acquired it on level 3 of a ziggurat)

   [ring of see invisible]

   Str:       It affects your strength (-4).
   Slay:      It affects your accuracy & damage with ranged weapons and melee
   (+5).
   SInv:      It lets you see invisible.
   +Blink:    It lets you blink.
   rCorr:     It protects you from acid and corrosion.
 n - the ring "Wasami Nyr" (left hand) {Fire Will+ Str+5 Slay+3}
   (You found it on level 5 of the Lair of Beasts)

   [ring of fire]

   It enhances your fire magic.
   Str:       It affects your strength (+5).
   Slay:      It affects your accuracy & damage with ranged weapons and melee
   (+3).
   rF:        It protects you from fire.
   rC:        It makes you vulnerable to cold.
   Will:      It increases your willpower.
 y - the ring "Voasuwum" {rElec rPois rC- rN+ rCorr}
   (You bought it in a shop on level 5 of the Dungeon)

   [ring of poison resistance]

   rC:        It makes you vulnerable to cold.
   rElec:     It insulates you from electricity.
   rPois:     It protects you from poison.
   rN:        It protects you from negative energy.
   rCorr:     It protects you from acid and corrosion.
 C - a ring of protection from cold
   (You took it off a deep elf sorcerer on level 5 of the Vaults)
 F - the ring of the Scavenger {Fire Str+2 Int+4}
   (You found it in Pandemonium)

   [ring of fire]

   It enhances your fire magic.
   Str:       It affects your strength (+2).
   Int:       It affects your intelligence (+4).
   rF:        It protects you from fire.
   rC:        It makes you vulnerable to cold.
 H - the amulet "Zucixt" (around neck) {Reflect rCorr Str+2 Int+2 Dex+3 SH+5}
   (You found it in Pandemonium)

   [amulet of reflection]

   It reflects blocked missile attacks.
   Str:       It affects your strength (+2).
   Int:       It affects your intelligence (+2).
   Dex:       It affects your dexterity (+3).
   rCorr:     It protects you from acid and corrosion.
   SH:        It affects your SH (+5).
Wands
 j - a wand of acid (29)
   (You found it on level 9 of the Dungeon)
 v - a wand of digging (27)
   (You found it on level 2 of the Lair of Beasts)
Scrolls
 l - 7 scrolls of magic mapping {!r}
 z - 10 scrolls of vulnerability {!r!r}
 D - 3 scrolls of silence {!r}
 E - 10 scrolls of fog
 I - 16 scrolls of immolation {!r!r}
 J - 21 scrolls of teleportation {@r4}
 K - 3 scrolls of blinking {!r}
 N - 3 scrolls of torment
 Q - 3 scrolls of enchant armour
 R - 9 scrolls of fear
Potions
 d - 14 potions of attraction {!q}
 g - 13 potions of curing {@q1}
 i - 16 potions of brilliance
 k - 5 potions of resistance
 m - 5 potions of haste {@q3}
 r - 18 potions of flight
 A - 9 potions of ambrosia
 G - 10 potions of might
 O - 7 potions of cancellation
 P - 5 potions of invisibility
 S - 6 potions of magic
Miscellaneous
 a - a phantom mirror
   (You found it on level 2 of the Depths)
 f - a tin of tremorstones (2/2)
   (You found it on level 9 of the Dungeon)
 o - a box of beasts
   (You found it on level 6 of the Lair of Beasts)
 U - a phial of floods
   (You found it in a Gauntlet)
 W - a condenser vane
   (You found it on level 5 of the Vaults)

Dungeon Overview and Level Annotations

Branches:
Dungeon (15/15)            Temple (0/1) D:7            Lair (6/6) D:9
  Swamp (4/4) Lair:2       Spider (4/4) Lair:2        Slime (5/5) Lair:6
    Orc (2/2) D:10            Elf (3/3) Orc:2        Vaults (5/5) D:13
  Crypt (3/3) Vaults:2       Tomb (1/3) Crypt:3      Depths (4/4) D:15
    Zot (5/5) Depths:4     WizLab (visited)         Gauntlet (visited)

Altars:
Ashenzari
Elyvilon
Fedhas
Hepliaklqana
Kikubaaqudgha
Makhleb
Nemelex Xobeh
Qazlal
Ru
Sif Muna
Uskayaw
Wu Jian
Yredelemnul
Zin
The Shining One
Beogh
Jiyva

Shops:
D:4 ?   D:5 =[(   D:6 **   D:7 !   Orc:1 :   Orc:2 (==[   Elf:3 ?   Vaults:1 *
Vaults:4 [(*   Vaults:5 !!?=??   Depths:1 :[*   Depths:2 =   Depths:3 *

Portals:
Hell: Depths:1 Depths:2 Depths:3 Depths:4
Abyss: Depths:2 Depths:3 Depths:4
Pandemonium: Depths:2 Depths:3

Annotations:
Tomb:1 corrupted
Abyss:1 Nergalle

.......X. .
...D..... .# .
......q.# . ..
........#.# .#.
........#. ....
......... .....
........#......
.......@'......
.....####......
... ..... .
.... ... .. .


You could see a black draconian knight, a quicksilver dragon (catching breath)
and a large abomination.


Message History

The ufetubus dies!
The ufetubus disappears in a puff of smoke!
The living lightning hits the ufetubus!!!
The ufetubus dies!
The ufetubus disappears in a puff of smoke!
The living lightning hits the ufetubus!!!
The ufetubus dies!
The ufetubus disappears in a puff of smoke!
The living lightning hits you but does no damage.
You block the ufetubus's attack.
The ufetubus hits you but does no damage. 😨 MP[+1]
You open the door. You block the ufetubus's attack. x4
Sisel bursts into living lightning!
The living lightning hits you!!
* * * LOW HITPOINT WARNING * * *
Sisel blinks!
The ufetubus hits you but does no damage. x2 😨 HP[-21]
You take 21 damage, and now have 82/273 hp.
Press: ? - help, Shift-Dir - straight line, f - Sisel
Aim: Sisel (moderately wounded, chance to affect: 0%)
Okay, then.
Okay, then.
Throw: 9 javelins (silver)
Press: ? - help, Shift-Dir - straight line, f - Sisel
Aim: Sisel (moderately wounded, 40% to hit)
You throw a silver javelin. The silver javelin misses Sisel.
You block the ufetubus's attack. x2
The ufetubus hits you but does no damage.
You block the ufetubus's attack.
The ufetubus hits you but does no damage.
The ufetubus barely misses you.
Throw: 8 javelins (silver)
Press: ? - help, Shift-Dir - straight line, f/p - Sisel
Aim: Sisel (moderately wounded, 40% to hit)
You throw a silver javelin.
The silver javelin completely misses Sisel.
Sisel bursts into living lightning!
The living lightning hits you!!
* * * LOW HITPOINT WARNING * * *
The living lightning hits the ynoxinul!
The ynoxinul resists.
Sisel blinks! x2
You block the ufetubus's attack. x2; The ufetubus completely misses you.
The ufetubus barely misses you. Sisel engulfs you.
* * * LOW HITPOINT WARNING * * *
😱 HP[-25]
You take 25 damage, and now have 57/273 hp.
You hit Sisel.
Space warps horribly around Sisel.
You closely miss the ufetubus. You hit the ufetubus but do no damage.
Space warps horribly around the ufetubus!
You kill the ufetubus!
The ufetubus disappears in a puff of smoke!
The ufetubus barely misses you.
The ufetubus hits you but does no damage.
The ynoxinul gestures.
You block Sisel's attack.
You completely miss Sisel. You closely miss the ufetubus.
You open the ufetubus like a pillowcase!!!
You kill the ufetubus!
The ufetubus disappears in a puff of smoke!
You block the ufetubus's attack. x2; Sisel engulfs you!!
* * * LOW HITPOINT WARNING * * *
😱 HP[-22] MP[+1]
You take 22 damage, and now have 35/273 hp.
You hit Sisel.
Space warps around Sisel.
You slash the ynoxinul!
Space warps around the ynoxinul.
You hit the ufetubus.
Space warps horribly around the ufetubus!!
You kill the ufetubus!
The ufetubus disappears in a puff of smoke!
You block Sisel's attack. You block the ynoxinul's attack.
You feel much better. You block the ufetubus's attack. x2
Sisel sneers, "Kneel, thou mouldy tardy-gaited strumpet!"
Sisel engulfs you. You block the ynoxinul's attack.
You block the ufetubus's attack.
The ufetubus barely misses you. 😱 HP[+25]
You regained 25 hp, and now have 60/273 hp.
You completely miss Sisel. You slash the ynoxinul!
You kill the ynoxinul!
Lugonu accepts your kill.
The ufetubus disappears in a puff of smoke! x2
Sisel sneers, "Disclaim thyself, thou simpering boil-brained prigger-of-prances!"
You block Sisel's attack. x2
You hit Sisel but do no damage.
Space warps horribly around Sisel.
You hit the sun demon.
Space warps around the sun demon.
The sun demon hits you!
* * * LOW HITPOINT WARNING * * *
You are engulfed in flames.
You resist.
* * * LOW HITPOINT WARNING * * *
Sisel bursts into living lightning!
The living lightning hits you!!
* * * LOW HITPOINT WARNING * * *
Sisel blinks! 😱 HP[-46]
You take 46 damage, and now have 14/273 hp.
To return, you must find a gate leading back.
Killing monsters will force the Abyss to allow you passage.
Level annotation: Nergalle The quicksilver dragon breathes dispelling energy at you.
The bolt of dispelling energy hits you!!
You die...

Skill      XL: |  1  2  3  4  5  6  7  8  9 10 11 12 13 14 15 16 17 18 19 20 21 22 23 24 25 26 27 |
---------------+----------------------------------------------------------------------------------+-----
Dodging        | 1 |  1.0
Axes           | 2 3 4 5 6 7 8 9 11 12 13 14 15 16 17 18 | 18.0
Armour         | 2 3 4 5 6 7 8 9 11 12 13 14 15 16 17 18 19 20 21 27 | 27.0
Fighting       | 4 5 6 8 9 10 12 13 14 15 16 17 18 19 20 21 22 23 25 27 | 27.0
Invocations    | 3 4 5 6 7 9 10 | 10.0
Crossbows      | 3 5 |  5.4
Slings         | 3 5 |  5.0
Throwing       | 4 8 9 10 12 13 14 16 18 20 23 | 23.9
Shields        | 3 7 10 11 12 13 14 15 19 | 19.2
Translocations | 9 |  9.0

Action                   |  1- 3 |  4- 6 |  7- 9 | 10-12 | 13-15 | 16-18 | 19-21 | 22-24 | 25-27 || total
-------------------------+-------+-------+-------+-------+-------+-------+-------+-------+-------++-------
Melee: Hand axe          |    92 |    86 |       |       |       |       |       |       |       ||   178
       Punch             |       |     3 |     1 |     3 |     3 |       |       |       |       ||    10
       War axe           |       |    63 |   300 |   263 |   219 |       |       |       |       ||   845
       Battleaxe         |       |       |       |   191 |   665 |       |       |       |       ||   856
       Broad axe         |       |       |       |       |   119 |   817 |  1015 |  1638 |  2837 ||  6426
 Fire: Triple crossbow   |       |       |       |    21 |       |       |       |       |       ||    21
       Hunting sling     |       |       |       |    20 |     8 |       |       |       |       ||    28
Throw: Boomerang         |       |     2 |       |       |       |       |    19 |     9 |   263 ||   293
       Dart              |       |     2 |       |       |       |       |     1 |       |       ||     3
       Javelin           |       |       |       |       |       |       |     3 |       |    74 ||    77
Invok: Bend Space        |       |     1 |       |    10 |     1 |     2 |     2 |       |     6 ||    22
       Banish            |       |       |     3 |    17 |     6 |    11 |     2 |     1 |       ||    40
       Brand Weapon With |       |       |       |       |     1 |       |       |       |       ||     1
       Depart the Abyss  |       |       |       |       |       |       |     1 |       |     1 ||     2
       Enter the Abyss   |       |       |       |       |       |       |     1 |       |     1 ||     2
       Corrupt           |       |       |       |       |       |       |       |       |     2 ||     2
Evoke: Wand              |       |     1 |       |     9 |     8 |     5 |     2 |     1 |     6 ||    32
       Lightning rod     |       |       |       |     4 |       |       |       |       |       ||     4
       Tin of tremorston |       |       |       |     3 |       |     1 |     1 |       |     1 ||     6
       Phial of floods   |       |       |       |       |     1 |     1 |       |       |     1 ||     3
       Box of beasts     |       |       |       |       |       |     1 |       |       |       ||     1
       Phantom mirror    |       |       |       |       |       |       |     1 |       |       ||     1
       Condenser vane    |       |       |       |       |       |       |     1 |       |       ||     1
  Use: Scroll            |     2 |     5 |     5 |     9 |    13 |     5 |    15 |    15 |    30 ||    99
       Potion            |       |       |       |     5 |     5 |     4 |    17 |     4 |    20 ||    55
 Stab: Petrified         |       |       |       |       |     2 |       |       |       |       ||     2
       Distracted        |       |       |       |       |     1 |       |       |       |       ||     1
       Invisible         |       |       |       |       |       |       |     2 |       |       ||     2
       Confused          |       |       |       |       |       |       |     4 |       |       ||     4
       Held in net/web   |       |       |       |       |       |       |       |     1 |       ||     1
Armor: Scale mail        |    27 |    36 |       |       |       |       |       |       |       ||    63
       Leather armour    |     3 |       |       |       |       |       |       |       |       ||     3
       Chain mail        |       |    42 |   231 |    22 |       |       |       |       |       ||   295
       Plate armour      |       |       |       |   345 |   322 |       |       |       |       ||   667
       Gold dragon scale |       |       |       |       |   568 |   723 |   506 |   813 |  1959 ||  4569
Dodge: Dodged            |    50 |    52 |   147 |   199 |   363 |   184 |   154 |   253 |   563 ||  1965
Block: Other             |       |     2 |    76 |   123 |   199 |       |       |       |       ||   400
       Reflection        |       |       |     5 |     2 |    35 |    23 |    60 |    82 |    42 ||   249
       Kite shield       |       |       |       |       |   105 |   673 |   758 |  1216 |  1668 ||  4420
       Tower shield      |       |       |       |       |       |       |       |       |   959 ||   959

Levels and vault maps discovered:
D:1:      evilmike_arrival_fibonacci_small, layout_loops_ring,
          hellmonk_ecumenical_altar_dog_temple, hangedman_glass_garden,
          kennysheep_another_room, minmay_box_of_dots
D:2:      layout_basic, minmay_tetromino_i2
D:3:      layout_loops_corners, mainiacjoe_overflow_24_doors,
          nicolae_tso_besieged_by_evil
D:4:      minmay_clustersquares, layout_rooms, lemuel_coloured_pillars_altar,
          nemelex_xobeh_ov_fountains_minmay, mainiacjoe_overflow_alcove_1,
          nicolae_uskayaw_suspiria, serial_shops, nicolae_shop_waterfront,
          small_statue_intersection, st_stairs_2, cheibrodos_gnoll_hut
D:5:      minmay_chambers_of_fours, layout_layer_cave,
          mainiacjoe_overflow_cross_hatched, mainiacjoe_overflow_tiny_flanked,
          serial_shops, nicolae_shop_bloodbath_and_beyond,
          nicolae_inconvenience_store, shop, uniq_ijyb
D:6:      layout_cave_pools, grunt_temple_overflow_order_and_chaos_2,
          minmay_shop_damaged, hex_tiny, hangedman_decor_peaks_small,
          nicolae_evil_shop
D:7:      layout_basic, minmay_temple_entry_gardened_gates, serial_shops,
          kennysheep_mini
D:8:      layout_rooms, uniq_maggie
D:9:      layout_loops_ring, kennysheep_orc_sif_temple,
          mainiacjoe_overflow_concentric_impassable,
          mainiacjoe_overflow_divided_tiny, dpeg_lair_monsters,
          chequers_serial_rivers_room_a
D:10:     layout_layer_cave, lemuel_doored_altar, zombieorc2_lemuel
D:11:     layout_basic, grunt_ministairs_13
D:12:     layout_cave_pods, minmay_tree_intersection, hangedman_incinerator,
          uniq_erolcha
D:13:     layout_big_octagon, ximxim_vaults_locker_room,
          portal_ice_cave_entry_animals_and_master, uniq_josephine
D:14:     layout_long_grid, kennysheep_boxes, grunt_ministairs_2,
          minmay_starry_boxes, uniq_agnes
D:15:     hangedman_depths_entry_try_elsewhere_first, layout_stronghold,
          chequers_big_river
Lair:1:   layout_cave_pods, grunt_megastairs_2
Lair:2:   layout_regular_city, palyth_hydra_swamp_entry,
          nicolae_spider_entry_orb_guardian, serial_bayou,
          serial_bayou_lagoon_b, serial_bayou_pond_d, serial_bayou_shore_a,
          serial_bayou_ford_a, basic_altar, minivault_24
Lair:3:   layout_regular_city, uniq_fannar
Lair:4:   layout_loops_ring, gauntlet_entry_generic, grunt_megastairs_5
Lair:5:   nzn_motion_control, layout_gridlike, gammafunk_ghost_icy
Lair:6:   grunt_lair_end_beastmaster, layout_layer_cave, slime_dummy,
          basic_altar, nicolae_quartered_pool_little
Swamp:1:  gammafunk_mikee_crab_dinner, layout_basic_swamp,
          evilmike_swamp_ruin_house_1, infiniplex_staircase_pool, uniq_aizul
Swamp:2:  layout_basic_swamp, nicolae_swamp_triple_paths
Swamp:3:  layout_falls_marsh, serial_swamp_ruin, evilmike_swamp_ruin_rubble_2,
          evilmike_swamp_ruin_rubble_1, evilmike_swamp_ruin_house_4, swamp_pool3
Swamp:4:  swamp, layout_basic_swamp
Spider:1: layout_spider_delve, hangedman_spider_tarantella_strand
Spider:2: layout_spider_delve, uniq_mlioglotl, uniq_azrael
Spider:3: layout_chambers
Spider:4: hellmonk_spider_rune_endless_swarm, gammafunk_ghost_split, drop_trap
Slime:1:  layout_caves
Slime:2:  layout_caves
Slime:3:  layout_caves
Slime:4:  layout_caves
Slime:5
Orc:1:    layout_caves, serial_shops, nicolae_shop_stone, uniq_urug,
          uniq_nergalle
Orc:2:    st_orc_town, layout_caves, rock_pile
Elf:1:    eino_elf_arrival_shootout, layout_geoelf_grid, evilmike_minifort,
          columned_hall_lemuel
Elf:2:    elven_hall_of_blades_hangedman_alternative
          [nicolae_blade_entry_floor_patterns], layout_gridlike,
          uniq_saint_roka, uniq_jorgrun
Elf:3:    minmay_elf_hall_hex, layout_geoelf_castle, serial_shops, shop
Vaults:1: vaults_room_pool, vaults_room_fours, nicolae_vaults_rhombus_7,
          v_misc_12, ontoclasm_vaults_loading_screen,
          vaults_room_stairs_pillars, layout_vaults_omnigrid, serial_shops, shop
Vaults:2: ontoclasm_vaults_shuriken, hangedman_vaults_pinch,
          nicolae_vaults_stairing_the_circle, v_rooms_6, vaults_room_semicircle,
          v_misc_18, minmay_crypt_entry_necro_gods, v_misc_27,
          ontoclasm_vaults_shout, v_misc_9, ontoclasm_vaults_ring_square,
          ontoclasm_vaults_bender, v_misc_19, layout_vaults_omnibox
Vaults:3: nicolae_vaults_puzzle_piece, nicolae_vaults_big_ls,
          nicolae_vaults_little_squares_5, nicolae_vaults_puzzle_piece,
          vaults_room_grid, ontoclasm_vaults_pinch, v_alt_pattern_3,
          ontoclasm_vaults_twist, v_alt_pattern_5, layout_vaults_chaotic_city
Vaults:4: hangedman_vaults_restitches, v_misc_25, v_pattern_3,
          nicolae_vaults_what_the_h, hangedman_vaults_hard_town_square,
          v_misc_10, hangedman_vaults_cutoff, vaults_standard_mumra_x,
          nicolae_vaults_little_squares_3, layout_vaults_big_cross,
          serial_shops, bzr_entry_dummy
Vaults:5
Crypt:1:  layout_chaotic_city
Crypt:2:  layout_chaotic_city, hangedman_feature_mirror, weyrava_ghost_lake
Crypt:3:  grunt_crypt_end_deaths_head
Tomb:1
Depths:1: layout_cave_shapes, lightli_too_deep, lightli_fourway_metalbox,
          minmay_shop_star
Depths:2: thingy_vault, layout_basic, hangedman_decor_push, serial_shops,
          nicolae_shop_hallway_plus, rand_demon_pan_entry_5,
          abyss_entry_crystal, hell_entry, minmay_misc_feat_alley,
          nicolae_elevator_lobby_plus, serial_bayou_shore_b,
          infiniplex_staircase_pool_2, uniq_enchantress, uniq_vv
Depths:3: dreamdust_merry_men, layout_gridlike, infiniplex_enter_wizlab_glasses,
          serial_shops, nicolae_square_shop, abyss_entry_small_statue_room,
          rand_demon_pan_entry_1, hell_entry, chequers_serial_rivers_small_3,
          uniq_josephina
Depths:4: grunt_crosshair, layout_gridville, enter_ziggurat_b, nicolae_sextant,
          abyss_entry, serial_co_window_serial, co_window_paths_b,
          co_window_corner_a, co_window_paths_a, co_window_paths_a,
          co_window_corner_a, co_window_unsneaky_path_c, co_window_2corner,
          co_window_corner_ca, co_window_paths_d, glass_columns_c,
          glass_columns_a, glass_columns_a, glass_columns_c, glass_columns_b,
          hell_entry, chequers_serial_rivers_micro_a, nrook_loot_triangle
Zot:1:    layout_basic, lemuel_baited_zot_trap
Zot:2:    layout_basic, skrybe_zot_glass_1
Zot:3:    layout_misc_corridors, hangedman_player_shredder
Zot:4:    lemuel_firehouse, layout_concentric_octagons, lemuel_elevator
Zot:5:    layout_gridlike
Abyss:1:  base: Temple, base: Temple, base: Swamp:4, evilmike_abyss_exit_kraken,
          minivault_5, base: Coc:5, lemuel_firewalk_3, base: Tomb:1,
          hangedman_abyss_exit_choices
Pan:      evilmike_mini_pan_3x3, layout_irregular_city,
          evilmike_mini_pan_other_thingy, layout_small_grid,
          gammafunk_dig_for_victory, layout_pan_divisions_b
          [pan_division_quadrant_b4, pan_division_quadrant_b1,
          pan_division_quadrant_b1, pan_division_quadrant_b1],
          pan_captured_pigsty, nicolae_pan_cerebovesque_4, evilmike_mini_pan_V,
          layout_irregular_city, nicolae_pan_cerebovesque_1, rand_demon_6,
          layout_stronghold

Notes
Turn   | Place    | Note
-------+----------+-------------------------------------------
     0 | Abyss:1  | spiderkeys the Ghoul Abyssal Knight began the quest for the
                  | Orb.
     0 | Abyss:1  | Reached XP level 1. HP: 19/19 MP: 1/1
     0 | Abyss:1  | magus.rc [v1.11.3]
     6 | D:1      | You pass through the gate.
     6 | D:1      | Escaped the Abyss
    42 | D:1      | Found a faded altar of an unknown god.
    47 | D:1      | Reached skill level 1 in Dodging
    69 | D:1      | Reached XP level 2. HP: 26/26 MP: 2/2
    97 | D:1      | Reached skill level 2 in Axes
    97 | D:1      | Reached skill level 2 in Armour
   617 | D:1      | Reached XP level 3. HP: 31/31 MP: 3/3
  1362 | D:2      | Reached *** piety under Lugonu
  2335 | D:3      | Reached XP level 4. HP: 30/40 MP: 3/5
  2421 | D:3      | Reached skill level 4 in Fighting
  2600 | D:3      | Reached skill level 3 in Invocations
  2814 | D:3      | Found a blossoming altar of Fedhas.
  3003 | D:3      | Reached XP level 5. HP: 44/46 MP: 6/6
  3037 | D:3      | Reached **** piety under Lugonu
  3131 | D:3      | Reached skill level 3 in Axes
  3519 | D:4      | Found a hide-covered altar of Uskayaw.
  3608 | D:4      | Noticed a phantom
  3609 | D:4      | Noticed an ogre
  3617 | D:4      | Killed a phantom
  3618 | D:4      | Reached skill level 3 in Armour
  3618 | D:4      | Reached XP level 6. HP: 26/53 MP: 5/7
  3796 | D:4      | Found a sparkling altar of Nemelex Xobeh.
  3819 | D:4      | Found a sacrificial altar of Ru.
  3936 | D:4      | Found Nuut's Magic Scroll Shoppe.
  4017 | D:4      | Reached skill level 4 in Invocations
  4103 | D:4      | Reached skill level 5 in Fighting
  4103 | D:4      | Reached XP level 7. HP: 61/61 MP: 9/9
  4152 | D:4      | Found an ornate altar of the Wu Jian Council.
  4320 | D:5      | Entered Level 5 of the Dungeon
  4387 | D:5      | Reached skill level 4 in Axes
  4388 | D:5      | Reached skill level 4 in Armour
  4389 | D:5      | Reached skill level 5 in Invocations
  4527 | D:5      | Found Focat's Jewellery Boutique.
  4547 | D:5      | Found Cisif's Weapon Emporium.
  4568 | D:5      | Found a basalt altar of Yredelemnul.
  4616 | D:5      | Noticed Ijyb
  4628 | D:5      | Killed Ijyb
  4629 | D:5      | Reached XP level 8. HP: 70/70 MP: 10/10
  4812 | D:5      | Found Gugudaesec's Antique Armour Shop.
  5241 | D:5      | Found a stormy altar of Qazlal.
  5448 | D:5      | Reached skill level 6 in Fighting
  6177 | D:6      | Found Homialum's Lightly-Used Armoury.
  6186 | D:6      | Found Hemechar's Profane Products.
  6233 | D:6      | Reached skill level 5 in Axes
  6272 | D:6      | Reached skill level 5 in Armour
  6272 | D:6      | Reached skill level 6 in Invocations
  6423 | D:6      | You pick up a book of the Earth and begin reading...
  6423 | D:6      | You add the spells Leda's Liquefaction and Lee's Rapid
                  | Deconstruction to your library.
  6447 | D:6      | Reached XP level 9. HP: 58/78 MP: 12/12
  6453 | D:6      | Reached skill level 7 in Fighting
  6899 | D:6      | Found a burning altar of Makhleb.
  6901 | D:6      | Noticed an angel
  6901 | D:6      | Noticed a cacodemon
  7332 | D:7      | Found a staircase to the Ecumenical Temple.
  7370 | D:7      | Reached skill level 7 in Invocations
  7484 | D:7      | Reached skill level 6 in Axes
  7485 | D:7      | Reached ***** piety under Lugonu
  7640 | D:7      | You pick up a book of Conjurations and begin reading...
  7640 | D:7      | You add the spells Magic Dart, Searing Ray and Fulminant
                  | Prism to your library.
  7728 | D:7      | Reached skill level 6 in Armour
  7827 | D:7      | Found Duweth's Distillery.
  8168 | D:8      | Noticed a hornet
  8169 | D:8      | Banished a hornet
  8170 | D:8      | Reached skill level 8 in Fighting
  8286 | D:8      | Reached XP level 10. HP: 87/88 MP: 14/14
  8308 | D:8      | Noticed Maggie
  8328 | D:8      | Killed Maggie
  8329 | D:8      | Reached skill level 8 in Invocations
  8550 | D:8      | HP: 20/90 [orc/+0 trident (6)]
  9089 | D:9      | HP: 11/90 [yak (12)]
  9091 | D:9      | Reached skill level 7 in Axes
  9094 | D:9      | HP: 21/90 [yak (5)]
  9101 | D:9      | HP: 12/90 [yak (9)]
  9103 | D:9      | Reached skill level 7 in Armour
  9694 | D:9      | Found a broken altar of Ashenzari.
  9791 | D:9      | Noticed a death yak
  9794 | D:9      | Noticed a death yak
  9794 | D:9      | Noticed a death yak
  9810 | D:9      | Killed a death yak
  9810 | D:9      | Killed a death yak
  9811 | D:9      | Reached skill level 9 in Fighting
 10000 | D:9      | Found a shimmering blue altar of Sif Muna.
 10006 | D:9      | Reached skill level 9 in Invocations
 10082 | D:9      | Noticed a death yak
 10083 | D:9      | Noticed a death yak
 10100 | D:9      | Killed a death yak
 10101 | D:9      | Reached XP level 11. HP: 78/99 MP: 16/16
 10253 | D:9      | Found a staircase to the Lair.
 10316 | D:9      | Found a hazy altar of Hepliaklqana.
 10672 | D:10     | Entered Level 10 of the Dungeon
 10675 | D:10     | Found a staircase to the Orcish Mines.
 10698 | D:10     | Reached skill level 8 in Axes
 10962 | D:10     | You pick up a book of the Tundra and begin reading...
 10962 | D:10     | You add the spells Hailstorm and Simulacrum to your
                  | library.
 10980 | D:10     | Reached skill level 8 in Armour
 11062 | D:10     | HP: 24/99 [gargoyle/+0 flail (1)]
 11064 | D:10     | Reached skill level 10 in Fighting
 12585 | D:10     | Found an ancient bone altar of Kikubaaqudgha.
 13078 | D:4      | Bought a scroll of acquirement for 624 gold pieces
 13078 | D:4      | Acquired the +8 triple crossbow "Arouzas" {elec, Fly rF+}
 13620 | D:11     | Reached skill level 1 in Crossbows
 13620 | D:11     | Reached skill level 10 in Invocations
 13681 | D:11     | Noticed a cyan ugly thing
 13685 | D:11     | Banished a cyan ugly thing
 13987 | D:11     | Noticed a two-headed ogre
 13990 | D:11     | Banished a two-headed ogre
 13991 | D:11     | Reached skill level 2 in Crossbows
 14400 | D:11     | Noticed a salamander
 14400 | D:11     | a shapeshifter changed into a salamander
 14407 | D:11     | Killed a salamander
 14730 | D:12     | Noticed a cyclops
 14733 | D:12     | Banished a cyclops
 14734 | D:12     | Reached skill level 3 in Crossbows
 14810 | D:12     | Noticed Erolcha
 14818 | D:12     | Killed Erolcha
 15114 | D:12     | Noticed a deep elf pyromancer
 15123 | D:12     | Banished a deep elf pyromancer
 15124 | D:12     | Reached XP level 12. HP: 71/108 MP: 9/18
 15394 | D:12     | HP: 23/108 [fire bat (5)]
 15396 | D:12     | Reached skill level 4 in Crossbows
 15400 | D:12     | Reached skill level 9 in Axes
 15478 | D:12     | HP: 20/108 [hell hound/blast of flame (16)]
 15934 | D:12     | Reached skill level 9 in Armour
 15935 | D:12     | Reached skill level 11 in Fighting
 16301 | D:12     | Reached skill level 5 in Crossbows
 16890 | D:13     | Noticed a tengu warrior
 16890 | D:13     | Noticed a six-headed hydra
 16891 | D:13     | Banished a six-headed hydra
 16994 | Lair:1   | Entered Level 1 of the Lair of Beasts
 17152 | Lair:1   | Identified the +10 hunting sling of Mucicuwn {speed, +Blink
                  | Str+5 Stlth+}
 17597 | Lair:1   | Reached skill level 1 in Slings
 17935 | Lair:1   | You pick up a book of the Earth and begin reading...
 18206 | Lair:2   | HP: 19/110 [blink frog (9)]
 18230 | Lair:2   | Reached skill level 2 in Slings
 18235 | Lair:2   | HP: 22/110 [komodo dragon (17)]
 18548 | Lair:2   | Found a hide-covered altar of Uskayaw.
 18601 | Lair:2   | Noticed a seven-headed hydra
 18602 | Lair:2   | Banished a seven-headed hydra
 18726 | Lair:2   | Noticed a six-headed hydra
 18756 | Lair:2   | Killed a six-headed hydra
 18779 | Lair:2   | Reached skill level 3 in Slings
 19023 | Lair:2   | Reached skill level 12 in Fighting
 19024 | Lair:2   | Reached XP level 13. HP: 102/118 MP: 19/19
 19224 | Lair:2   | Reached skill level 10 in Axes
 19231 | Lair:2   | Reached skill level 10 in Armour
 19513 | Lair:2   | Found a hole to the Spider Nest.
 19799 | Lair:2   | Found a staircase to the Swamp.
 19980 | Lair:3   | Reached skill level 4 in Slings
 21134 | Lair:3   | Noticed Fannar
 21145 | Lair:3   | Killed Fannar
 21417 | Lair:4   | Found a gate leading to a gauntlet.
 21426 | Gauntlet | Entered a Gauntlet
 21426 | Gauntlet | Found a transporter.
 21426 | Gauntlet | Found a transporter.
 21430 | Gauntlet | Found a transporter.
 21438 | Gauntlet | Found a transporter.
 21442 | Gauntlet | Found a large runed translucent door.
 21451 | Gauntlet | Found a transporter.
 21454 | Gauntlet | Found a transporter.
 21460 | Gauntlet | Found a transporter.
 21475 | Gauntlet | Found a transporter.
 21479 | Gauntlet | Found a transporter.
 21479 | Gauntlet | Found a transporter.
 21521 | Gauntlet | Found a transporter.
 21569 | Gauntlet | Found a transporter.
 21571 | Gauntlet | Found a large runed translucent door.
 21571 | Gauntlet | Found a large runed translucent door.
 21572 | Gauntlet | Found a large runed translucent door.
 21572 | Gauntlet | Found a large runed translucent door.
 21573 | Gauntlet | Found a runed translucent door.
 21573 | Gauntlet | Found a large runed translucent door.
 21573 | Gauntlet | Found a runed translucent door.
 21573 | Gauntlet | Found a large runed translucent door.
 21573 | Gauntlet | Found a large runed translucent door.
 21575 | Gauntlet | Found a large runed translucent door.
 21575 | Gauntlet | Found a large runed translucent door.
 21577 | Gauntlet | Found a large runed translucent door.
 21577 | Gauntlet | Found a large runed translucent door.
 21579 | Gauntlet | Found a large runed translucent door.
 21579 | Gauntlet | Found a large runed translucent door.
 21579 | Gauntlet | Found a large runed translucent door.
 21581 | Gauntlet | Found a runed translucent gate.
 21581 | Gauntlet | Found a runed translucent gate.
 21581 | Gauntlet | Found a runed translucent gate.
 21583 | Gauntlet | Found a transporter.
 21594 | Gauntlet | Found a large runed translucent door.
 21683 | Gauntlet | Found a transporter.
 21700 | Gauntlet | Found a transporter.
 21713 | Gauntlet | Found a transporter.
 22129 | Gauntlet | Identified the +1 cloak of the Desolation of Salt {Will++}
 22378 | Gauntlet | Noticed a minotaur
 22390 | Gauntlet | Killed a minotaur
 22421 | Gauntlet | You pick up a book of Misfortune and begin reading...
 22421 | Gauntlet | You add the spells Confusing Touch, Yara's Violent
                  | Unravelling and Enfeeble to your library.
 22463 | Gauntlet | Reached skill level 5 in Slings
 22874 | Lair:4   | HP: 26/119 [ten-headed hydra (10)]
 22910 | Lair:4   | HP: 26/119 [blink frog (6)]
 22917 | Lair:4   | Reached skill level 13 in Fighting
 22919 | Lair:4   | HP: 18/122 [blink frog (9)]
 23456 | Lair:4   | You pick up a book of Ice and begin reading...
 23456 | Lair:4   | You add the spells Freezing Cloud and Polar Vortex to your
                  | library.
 24227 | Orc:1    | Entered Level 1 of the Orcish Mines
 24242 | Orc:1    | Reached skill level 11 in Axes
 24377 | Orc:1    | Noticed Urug
 24391 | Orc:1    | Killed Urug
 24392 | Orc:1    | Reached skill level 11 in Armour
 24617 | Orc:2    | Entered Level 2 of the Orcish Mines
 24631 | Orc:2    | HP: 29/122 [orc knight/+0 great sword (7)]
 25042 | Orc:2    | Identified a +1 robe of the Archmagi
 25062 | Orc:2    | Reached XP level 14. HP: 129/129 MP: 20/20
 25100 | Orc:2    | Found Ivoyvuz's Jewellery Shop.
 25100 | Orc:2    | Found Rorghia's Antique Weapon Emporium.
 25265 | Orc:2    | Found Bydgheeps's Antique Armour Shop.
 25265 | Orc:2    | Found Zodeink's Jewellery Emporium.
 25547 | Orc:2    | Found a staircase to the Elven Halls.
 25816 | D:6      | Bought -1 gold dragon scales for 975 gold pieces
 25828 | D:6      | c - -1 gold dragon scales {rare}
 25835 | D:6      | You finish putting on your -1 gold dragon scales {rare}.
 25835 | D:6      | your -1 gold dragon scales {rare} glow green for a moment.
 25836 | D:6      | your +0 gold dragon scales {rare} glow green for a moment.
 26033 | Orc:1    | Found Kogiosh's Book Emporium.
 26105 | Orc:1    | Noticed Nergalle
 26118 | Orc:1    | Banished Nergalle
 26122 | Orc:1    | HP: 29/130 [rust devil[an orc high priest] (8)]
 27089 | Lair:5   | Found a runed translucent gate.
 27089 | Lair:5   | Found a runed translucent gate.
 27089 | Lair:5   | Found a runed translucent gate.
 27154 | Lair:5   | Reached skill level 14 in Fighting
 27993 | Lair:5   | Noticed Vainiore's ghost (journeyman VSTm)
 28011 | Lair:5   | Killed Vainiore's ghost
 28091 | Lair:6   | Entered Level 6 of the Lair of Beasts
 28231 | Lair:5   | Reached skill level 12 in Axes
 28472 | Lair:5   | Got the ring "Wasami Nyr" {Fire Will+ Str+5 Slay+3}
 28712 | Lair:5   | Reached skill level 1 in Throwing
 28722 | Lair:5   | HP: 33/133 [catoblepas (24)]
 28724 | Lair:5   | Reached skill level 12 in Armour
 28743 | Lair:5   | Reached skill level 2 in Throwing
 29157 | Lair:6   | Reached skill level 3 in Throwing
 29380 | Lair:6   | Reached skill level 4 in Throwing
 29884 | Lair:6   | Found a stormy altar of Qazlal.
 29913 | Lair:6   | Reached XP level 15. HP: 139/139 MP: 21/21
 29978 | Lair:6   | Reached ****** piety under Lugonu
 29979 | Lair:6   | Reached skill level 5 in Throwing
 30403 | Lair:6   | Found a staircase to the Slime Pits.
 30498 | Lair:6   | Reached skill level 15 in Fighting
 30500 | Lair:6   | HP: 34/141 [death yak (15)]
 30878 | Lair:6   | Reached skill level 6 in Throwing
 31654 | D:13     | Noticed Josephine
 31792 | D:13     | Killed Josephine
 32390 | D:13     | HP: 28/141 [death knight/+0 broad axe (8)]
 32808 | D:13     | Reached skill level 7 in Throwing
 33153 | D:13     | Reached skill level 13 in Axes
 33209 | D:13     | Found a gate to the Vaults.
 33546 | Orc:2    | Bought a glowing broad axe for 203 gold pieces
 33567 | Orc:2    | Identified a +9 broad axe of distortion (a +7 vorpal broad
                  | axe corrupted by Lugonu)
 33567 | Orc:2    | Received a gift from Lugonu
 33734 | D:14     | Reached skill level 13 in Armour
 33741 | D:14     | Reached skill level 1 in Shields
 34188 | D:14     | Noticed Agnes
 34196 | D:14     | Killed Agnes
 34531 | D:14     | Reached skill level 2 in Shields
 34887 | D:14     | Reached skill level 8 in Throwing
 34893 | D:14     | Reached skill level 3 in Shields
 35076 | D:14     | Acquired 575 gold pieces
 35443 | D:15     | Entered Level 15 of the Dungeon
 36459 | D:15     | Reached XP level 16. HP: 135/151 MP: 22/22
 36739 | D:15     | Reached skill level 4 in Shields
 37329 | D:15     | Reached skill level 9 in Throwing
 37331 | D:15     | Reached skill level 16 in Fighting
 37333 | D:15     | Reached skill level 5 in Shields
 37577 | D:15     | your +1 gold dragon scales {rare} glow green for a moment.
 37885 | D:15     | You pick up a book of Iron and begin reading...
 37885 | D:15     | You add the spells Animate Armour and Iron Shot to your
                  | library.
 38101 | D:15     | Found a staircase to the Depths.
 38654 | Swamp:1  | Entered Level 1 of the Swamp
 38654 | Swamp:1  | Noticed Aizul
 38654 | Swamp:1  | Noticed a thorn hunter
 38660 | Swamp:1  | HP: 36/151 [thorn hunter/volley of thorns (16)]
 38664 | Lair:2   | HP: 12/151 [eleionoma (16)]
 38981 | Lair:2   | Killed Aizul
 39146 | Swamp:1  | HP: 32/151 [acid (11)]
 39451 | Swamp:1  | Killed a thorn hunter
 39792 | Swamp:1  | You pick up a book of Minor Magic and begin reading...
 39792 | Swamp:1  | You add the spells Call Imp and Mephitic Cloud to your
                  | library.
 39816 | Swamp:1  | Reached skill level 6 in Shields
 39835 | Swamp:1  | Identified +0 gold dragon scales
 39843 | Swamp:1  | Could not pick up +0 gold dragon scales {rare} here;
                  | ([A]lways) ignore it?
 39843 | Swamp:1  | Could not pick up +0 gold dragon scales {rare} here;
                  | ([A]lways) ignore it?
 39843 | Swamp:1  | Could not pick up +0 gold dragon scales {rare} here;
                  | ([A]lways) ignore it?
 39843 | Swamp:1  | Could not pick up +0 gold dragon scales {rare} here;
                  | ([A]lways) ignore it?
 40175 | Swamp:1  | a +0 spear; +0 gold dragon scales {rare}; a spriggan
                  | skeleton
 40285 | Swamp:1  | HP: 33/151 [12-headed hydra (6)]
 40286 | Swamp:1  | HP: 12/151 [13-headed hydra (6)]
 40738 | Swamp:1  | Found a runed translucent door.
 41037 | Swamp:1  | Reached skill level 7 in Shields
 41038 | Swamp:1  | Identified the +0 hand crossbow "Orhidd" {venom, rF- Str+7
                  | Dex+5}
 41896 | Swamp:3  | Reached XP level 17. HP: 153/159 MP: 23/23
 41980 | Swamp:3  | Reached skill level 14 in Axes
 42246 | Swamp:3  | Reached skill level 14 in Armour
 42383 | Swamp:3  | Reached skill level 8 in Shields
 42716 | Swamp:4  | Entered Level 4 of the Swamp
 43401 | Swamp:4  | HP: 31/160 [six-headed hydra[a spriggan druid] (21)]
 43408 | Swamp:4  | HP: 29/160 [five-headed hydra (9)]
 43614 | Swamp:4  | Reached skill level 17 in Fighting
 43623 | Swamp:4  | Reached skill level 9 in Shields
 44423 | Swamp:4  | Got a decaying rune of Zot
 44917 | Vaults:1 | Entered Level 1 of the Vaults
 45143 | Vaults:1 | magus.rc [v1.11.3]
 45535 | Vaults:1 | your +2 gold dragon scales {rare} glow green for a moment.
 45567 | Vaults:1 | Reached skill level 10 in Shields
 46132 | Vaults:1 | Reached XP level 18. HP: 124/170 MP: 24/24
 46390 | Vaults:1 | Found Byishria's General Store.
 46691 | Vaults:2 | You pick up a book of Hexes and begin reading...
 46691 | Vaults:2 | You add the spells Inner Flame, Cause Fear and Discord to
                  | your library.
 46782 | Vaults:2 | HP: 42/170 [ironbound preserver/+0 dire flail (11)]
 47287 | Vaults:2 | Reached skill level 11 in Shields
 47473 | Vaults:2 | Noticed a titan
 47482 | Vaults:2 | Reached skill level 15 in Axes
 47483 | Vaults:2 | Banished a titan
 47488 | Vaults:2 | Reached skill level 15 in Armour
 47499 | Vaults:2 | You pick up a book of Alchemy and begin reading...
 47499 | Vaults:2 | You add the spells Petrify and Irradiate to your library.
 47985 | Vaults:2 | Reached skill level 18 in Fighting
 48121 | Vaults:2 | Reached skill level 10 in Throwing
 48384 | Vaults:2 | You pick up a book of Vapours and begin reading...
 48384 | Vaults:2 | You add the spells Poisonous Vapours and Corpse Rot to your
                  | library.
 48624 | Vaults:2 | Found a staircase to the Crypt.
 48624 | Vaults:2 | Found a basalt altar of Yredelemnul.
 48625 | Vaults:2 | Found an ancient bone altar of Kikubaaqudgha.
 49253 | Vaults:3 | You add the spells Gell's Gravitas, Teleport Other and
                  | Dispersal to your library.
 49263 | Vaults:3 | Reached XP level 19. HP: 179/179 MP: 25/25
 49625 | Vaults:3 | Reached skill level 12 in Shields
 49785 | Vaults:3 | Reached skill level 11 in Throwing
 50471 | Vaults:3 | You pick up a book of the Tundra and begin reading...
 51167 | Vaults:4 | Found a gateway to a bazaar.
 51238 | Bazaar   | Entered a bazaar
 51238 | Bazaar   | Found Raweymuj's Weapon Boutique.
 51238 | Bazaar   | Found Cipt's Antique Weapon Shop.
 51238 | Bazaar   | Found Dum Nais's Armour Boutique.
 51238 | Bazaar   | Found Tacod's Magic Scroll Shop.
 51238 | Bazaar   | Found Batry's Armour Boutique.
 51258 | Bazaar   | Bought a scroll of acquirement for 520 gold pieces
 51259 | Bazaar   | Acquired 1065 gold pieces
 51262 | Bazaar   | Bought a scroll of teleportation for 30 gold pieces
 51262 | Bazaar   | Bought 2 scrolls of teleportation for 60 gold pieces
 51262 | Bazaar   | Bought a scroll of teleportation for 30 gold pieces
 51262 | Bazaar   | Bought a scroll of immolation for 35 gold pieces
 51280 | Bazaar   | Bought the +3 Mad Mage's Maulers {Infuse+∞ RegenMP Int-3}
                  | for 480 gold pieces
 51280 | Bazaar   | Found the +3 Mad Mage's Maulers {Infuse+∞ RegenMP Int-3}
 51398 | Vaults:4 | Reached skill level 12 in Throwing
 51750 | Vaults:4 | Found Axziedd's General Store.
 51750 | Vaults:4 | Found Gyre's Weapon Shoppe.
 51765 | Vaults:4 | HP: 43/181 [tengu reaver/bolt of cold (21)]
 51766 | Vaults:4 | Reached skill level 16 in Axes
 51768 | Abyss:1  | HP: 10/181 [titan/the air (30)]
 51818 | Vaults:4 | You pass through the gate.
 51818 | Vaults:4 | Escaped the Abyss
 51842 | Vaults:4 | Reached skill level 16 in Armour
 51845 | Vaults:4 | Found Zograsiwk's Antique Armour Shoppe.
 52142 | Vaults:4 | Reached skill level 19 in Fighting
 52283 | Vaults:4 | Reached XP level 20. HP: 180/191 MP: 26/26
 52649 | Vaults:5 | Entered Level 5 of the Vaults
 52649 | Vaults:5 | Noticed a golden dragon
 52746 | Vaults:4 | Banished a golden dragon
 52763 | Vaults:4 | Reached skill level 13 in Shields
 53558 | Vaults:4 | S - +0 shadow dragon scales {rare}
 53728 | Vaults:5 | Noticed a golden dragon
 55958 | Vaults:5 | Reached skill level 13 in Throwing
 56002 | Vaults:5 | Could not pick up +0 shadow dragon scales {rare} here;
                  | ([A]lways) ignore it?
 56002 | Vaults:5 | Could not pick up +0 shadow dragon scales {rare} here;
                  | ([A]lways) ignore it?
 56035 | Vaults:5 | Identified the +3 fire dragon scales "Adisose" {Rampage
                  | +Blink rF++ rC-}
 56363 | Vaults:5 | Killed a golden dragon
 56363 | Vaults:5 | Identified +0 gold dragon scales
 56392 | Vaults:5 | +0 gold dragon scales {rare}; a golden dragon corpse
 56408 | Vaults:5 | You add the spells Lightning Bolt, Conjure Ball Lightning
                  | and Fire Storm to your library.
 56408 | Vaults:5 | Got Silofon's Disquisition on Confrontation
 56418 | Vaults:5 | +0 gold dragon scales {rare}; a golden dragon corpse
 56939 | Vaults:5 | Identified the +0 leather armour of Liberalism {Drain
                  | Int+7}
 57021 | Vaults:5 | HP: 38/193 [storm dragon (16)]
 57028 | Vaults:5 | HP: 26/193 [storm dragon (10)]
 57039 | Vaults:5 | HP: 25/193 [storm dragon (2)]
 57504 | Vaults:5 | Identified the +0 leather armour "Uheipodi" {Int+5}
 57635 | Vaults:5 | You pick up a book of Annihilations and begin reading...
 57635 | Vaults:5 | You add the spells Chain Lightning and Shatter to your
                  | library.
 57663 | Vaults:5 | Reached XP level 21. HP: 189/200 MP: 27/27
 57671 | Vaults:5 | Found Biahaxzi's Magic Scroll Shop.
 57689 | Vaults:5 | Found Oddeet's Magic Scroll Shoppe.
 57709 | Vaults:5 | Bought a scroll of torment for 105 gold pieces
 57730 | Vaults:5 | Bought a scroll of enchant armour for 90 gold pieces
 57730 | Vaults:5 | Bought a scroll of blinking for 90 gold pieces
 57730 | Vaults:5 | your +3 gold dragon scales {rare} glow green for a moment.
 57738 | Vaults:5 | Found Gocust's Distillery.
 57743 | Vaults:5 | Bought a potion of heal wounds for 50 gold pieces
 57747 | Vaults:5 | Identified the +5 rapier "Etaecsil" {elec, rF+ Str-2 Int+7}
 57772 | Vaults:5 | Noticed a golden dragon
 57772 | Vaults:5 | a shadow dragon changed into a golden dragon
 57776 | Vaults:5 | a golden dragon changed into a shadow dragon
 58029 | Vaults:5 | You add the spells Ozocubu's Armour and Ozocubu's
                  | Refrigeration to your library.
 58134 | Vaults:5 | You drop +0 shadow dragon scales {rare}.
 58343 | Vaults:5 | Found Yvirorr's Magic Scroll Emporium.
 58343 | Vaults:5 | Found Loewewiull's Jewellery Shop.
 58348 | Vaults:5 | Bought a scroll of enchant armour for 105 gold pieces
 58348 | Vaults:5 | Bought a scroll of enchant armour for 105 gold pieces
 58348 | Vaults:5 | your +4 gold dragon scales {rare} glow green for a moment.
 58349 | Vaults:5 | your +5 gold dragon scales {rare} glow green for a moment.
 58421 | Vaults:5 | Found Pavegac's Distillery.
 58438 | Vaults:5 | Found Gytuedua's Distillery.
 58601 | Vaults:5 | Reached skill level 20 in Fighting
 58744 | Vaults:5 | Reached skill level 17 in Axes
 58759 | Vaults:5 | Identified the +0 pair of boots of Fortification {Will+
                  | Int-2 Dex+5}
 58763 | Vaults:5 | Got a silver rune of Zot
 59113 | Depths:1 | Entered Level 1 of the Depths
 59128 | Depths:1 | Reached skill level 14 in Shields
 59290 | Depths:1 | Reached skill level 17 in Armour
 59519 | Depths:1 | Found Idenawk's Book Shop.
 59521 | Depths:1 | Found Valisk's Antique Armour Boutique.
 59523 | Depths:1 | Found Mohuix's Assorted Antiques.
 59789 | Depths:1 | You add the spells Blink and Manifold Assault to your
                  | library.
 59924 | Depths:1 | Found a gateway to Hell.
 60505 | Depths:2 | Found a one-way gate to the infinite horrors of the Abyss.
 60744 | Depths:2 | Found a one-way gate leading to the halls of Pandemonium.
 61043 | Depths:2 | the Enchantress comes into view. She is wielding a +1
                  | rapier of venom, wearing the +2 faerie dragon scales {Fly
                  | rCorr Stlth+} and wearing a +2 buckler of fire resistance.
 61043 | Depths:2 | Noticed the Enchantress
 61056 | Depths:2 | Killed the Enchantress
 61116 | Depths:2 | Noticed a caustic shrike
 61118 | Depths:2 | Banished a caustic shrike
 61144 | Depths:2 | Paralysed by a floating eye for 3 turns
 61154 | Depths:2 | Paralysed by a floating eye for 3 turns
 61159 | Depths:2 | HP: 49/202 [spriggan air mage/the air (20)]
 61183 | Depths:2 | HP: 47/202 [rakshasa/+0 trident (7)]
 61654 | Depths:2 | Paralysed by a floating eye for 2 turns
 61920 | Depths:2 | You pick up a book of Winter and begin reading...
 62024 | Depths:2 | Found Iqa Joyc's Jewellery Emporium.
 62233 | Depths:2 | Noticed Vv
 62473 | Depths:2 | HP: 41/202 [Vv/creeping frost (26)]
 62484 | Depths:2 | HP: 26/202 [Vv (31)]
 62536 | Depths:2 | Killed Vv
 62537 | Depths:2 | Reached XP level 22. HP: 99/211 MP: 28/28
 62958 | Depths:3 | You pick up a book of Conjurations and begin reading...
 63008 | Depths:3 | Found a magical portal.
 63045 | WizLab   | Entered Zonguldrok's Shrine
 63730 | WizLab   | Noticed an antique lich
 63739 | WizLab   | Killed an antique lich
 63741 | WizLab   | Found the +9 sword of Zonguldrok {reap}
 63756 | WizLab   | You add the spells Conjure Flame and Sticky Flame to your
                  | library.
 63773 | WizLab   | You pick up a book of Flames and begin reading...
 63773 | WizLab   | You add the spells Foxfire and Flame Wave to your library.
 63775 | WizLab   | You pick up a book of Burglary and begin reading...
 63775 | WizLab   | You add the spells Passwall, Ensorcelled Hibernation and
                  | Swiftness to your library.
 63777 | WizLab   | You add the spells Animate Skeleton, Dispel Undead and
                  | Infestation to your library.
 63777 | WizLab   | Got the Incunabulum of Dark Flames
 63795 | WizLab   | your +6 gold dragon scales {rare} glow green for a moment.
 63902 | Depths:3 | Reached skill level 14 in Throwing
 64432 | Depths:3 | Identified a +1 robe of the Archmagi
 64562 | Depths:3 | Reached skill level 15 in Shields
 64611 | Depths:3 | Found Usu Mimi's General Store.
 64618 | Depths:3 | Bought a potion of heal wounds for 80 gold pieces
 64618 | Depths:3 | Bought 2 silver javelins for 76 gold pieces
 65195 | Depths:4 | Entered Level 4 of the Depths
 65254 | Depths:4 | Reached skill level 21 in Fighting
 65285 | Depths:4 | You pick up a book of Death and begin reading...
 65285 | Depths:4 | You add the spells Animate Dead and Haunt to your library.
 65405 | Depths:4 | HP: 48/213 [black draconian knight/bolt of cold (10)]
 65412 | Depths:4 | HP: 32/213 [white draconian stormcaller/blast of cold (21)]
 65433 | Depths:4 | HP: 51/213 [yellow draconian/+0 war axe (8)]
 65602 | Depths:4 | Noticed a golden dragon
 65613 | Depths:4 | Found a gate to the Realm of Zot.
 65619 | Depths:4 | Banished a golden dragon
 66028 | Depths:4 | Reached skill level 18 in Axes
 66114 | Depths:4 | Reached skill level 18 in Armour
 66680 | Depths:4 | Found a one-way gateway to a ziggurat.
 67698 | Elf:1    | Entered Level 1 of the Elven Halls
 68264 | Elf:1    | Reached XP level 23. HP: 208/221 MP: 29/29
 68854 | Elf:2    | Reached skill level 15 in Throwing
 68935 | Elf:2    | Paralysed by an air elemental for 1 turns
 69354 | Elf:2    | Noticed Saint Roka
 69380 | Elf:2    | Killed Saint Roka
 69860 | Elf:2    | Noticed Jorgrun
 69870 | Elf:2    | Killed Jorgrun
 69924 | Elf:2    | Found a huge runed translucent gate.
 69924 | Elf:2    | Found a huge runed translucent gate.
 69924 | Elf:2    | Found a huge runed translucent gate.
 69924 | Elf:2    | Found a huge runed translucent gate.
 69927 | Elf:2    | Found a huge runed translucent gate.
 70178 | Elf:2    | Reached skill level 22 in Fighting
 70530 | Elf:3    | Entered Level 3 of the Elven Halls
 70600 | Elf:3    | your +7 gold dragon scales {rare} glow green for a moment.
 70624 | Elf:3    | Found Ziciuw's Magic Scroll Shoppe.
 70635 | Elf:3    | Bought a scroll of brand weapon for 280 gold pieces
 70636 | Elf:3    | Bought a scroll of blinking for 105 gold pieces
 70728 | Elf:3    | Identified the ring of Gineza {rC+ rCorr Str+5}
 71413 | Elf:3    | Reached skill level 19 in Armour
 72247 | Elf:3    | Identified the +8 ice dragon scales "Ruypsout" {rF- rC++
                  | Stlth+}
 72328 | Elf:3    | Identified the ring "Zeolax" {AC+4 Str+4}
 72747 | Elf:3    | Reached skill level 16 in Throwing
 73239 | Elf:3    | You pick up a book of Maledictions and begin reading...
 73239 | Elf:3    | You add the spells Tukima's Dance and Anguish to your
                  | library.
 73445 | Elf:3    | Got the Handbook of Ice
 73447 | Elf:3    | You pick up a book of Touch and begin reading...
 73453 | Elf:3    | You pick up a book of Alchemy and begin reading...
 73544 | Elf:3    | You pick up a book of Debilitation and begin reading...
 73544 | Elf:3    | You add the spells Slow and Vampiric Draining to your
                  | library.
 73547 | Elf:3    | You add the spells Summon Ice Beast and Disjunction to your
                  | library.
 73547 | Elf:3    | Got Sif Muna's Grimoire of Dislocation and Snow
 73583 | Elf:3    | You add the spells Iskenderun's Mystic Blast and Summon
                  | Forest to your library.
 73583 | Elf:3    | Got the Volume of Dislocation
 73591 | Elf:3    | You pick up a book of Blood and begin reading...
 73593 | Elf:3    | You pick up a book of Weapons and begin reading...
 73593 | Elf:3    | You add the spells Portal Projectile and Excruciating
                  | Wounds to your library.
 73599 | Elf:3    | Identified the +4 ring mail of Summer {Dex+6}
 73615 | Elf:3    | You pick up a book of Fire and begin reading...
 73615 | Elf:3    | You add the spells Fireball, Starburst and Ignition to your
                  | library.
 73619 | Elf:3    | Identified the +0 scale mail of Going Fast {rC+ Str+3}
 74170 | Vaults:1 | Bought a scroll of enchant weapon for 150 gold pieces
 74431 | Depths:3 | Bought a scroll of enchant weapon for 120 gold pieces
 74788 | Spider:1 | Entered Level 1 of the Spider Nest
 74873 | Spider:1 | Reached XP level 24. HP: 233/233 MP: 29/29
 75063 | Spider:1 | Identified the ring "Juntayt" {rC+ Int+3 Dex-2 SInv}
 75589 | Spider:2 | Noticed Mlioglotl
 75598 | Spider:2 | Killed Mlioglotl
 75660 | Spider:2 | You pick up a book of Dangerous Friends and begin
                  | reading...
 75660 | Spider:2 | You add the spells Summon Guardian Golem, Orb of
                  | Destruction and Spellforged Servitor to your library.
 76113 | Spider:2 | Reached skill level 23 in Fighting
 76317 | Spider:2 | Noticed Azrael
 76329 | Spider:2 | Killed Azrael
 76522 | Spider:3 | Reached skill level 17 in Throwing
 76747 | Spider:3 | your +8 gold dragon scales {rare} glow green for a moment.
 77273 | Spider:3 | Identified the +7 falchion of the Feeding Gods {vamp,
                  | Fragile rN++ Str+3}
 78135 | Spider:4 | Entered Level 4 of the Spider Nest
 78347 | Spider:4 | Noticed spaghetti's ghost (adept DsMo)
 78356 | Spider:4 | Found a runed translucent gate.
 78356 | Spider:4 | Found a runed translucent gate.
 78356 | Spider:4 | Found a runed translucent gate.
 78383 | Spider:4 | Reached skill level 20 in Armour
 78395 | Spider:4 | Killed spaghetti's ghost
 78910 | Spider:4 | You pick up a book of Scorching and begin reading...
 78910 | Spider:4 | You add the spells Scorch and Summon Cactus Giant to your
                  | library.
 78949 | Spider:4 | Reached skill level 18 in Throwing
 79238 | Spider:4 | Got a gossamer rune of Zot
 80180 | Crypt:1  | Entered Level 1 of the Crypt
 81485 | Crypt:2  | Reached XP level 25. HP: 219/245 MP: 29/29
 81516 | Crypt:2  | Reached skill level 24 in Fighting
 81535 | Crypt:2  | Reached skill level 19 in Throwing
 81927 | Crypt:2  | your +9 gold dragon scales {rare} glow green for a moment.
 82467 | Crypt:2  | Found an ancient bone altar of Kikubaaqudgha.
 82508 | Crypt:2  | Found an ancient bone altar of Kikubaaqudgha.
 82802 | Crypt:3  | Entered Level 3 of the Crypt
 83240 | Crypt:3  | Found an ancient bone altar of Kikubaaqudgha.
 83446 | Crypt:3  | Reached skill level 21 in Armour
 83971 | Crypt:3  | Found a staircase to the Tomb.
 83971 | Crypt:3  | Noticed a curse skull
 83982 | Crypt:3  | Killed a curse skull
 84051 | Crypt:3  | Identified the ring "Wuub" {Fly rPois rN+ Int-5 SInv}
 84051 | Crypt:3  | Identified the ring "Tike" {Drain rPois rN+ rCorr Dex+3}
 84458 | Crypt:3  | Identified the +0 chain mail of the Pink Corner {rC+}
 84460 | Crypt:3  | You pick up a book of Vapours and begin reading...
 84700 | Vaults:5 | Bought a scroll of blinking for 105 gold pieces
 84700 | Vaults:5 | Bought a scroll of teleportation for 42 gold pieces
 84700 | Vaults:5 | Bought a scroll of vulnerability for 105 gold pieces
 84714 | Vaults:5 | Bought a potion of flight for 30 gold pieces
 84714 | Vaults:5 | Bought a potion of might for 40 gold pieces
 84714 | Vaults:5 | Bought a potion of haste for 100 gold pieces
 84714 | Vaults:5 | Bought 2 potions of ambrosia for 160 gold pieces
 84714 | Vaults:5 | Bought a potion of ambrosia for 80 gold pieces
 84714 | Vaults:5 | Bought a potion of resistance for 100 gold pieces
 84714 | Vaults:5 | Bought a potion of haste for 100 gold pieces
 84728 | Vaults:5 | Bought 2 potions of curing for 120 gold pieces
 84728 | Vaults:5 | Bought a potion of magic for 160 gold pieces
 84728 | Vaults:5 | Bought a potion of invisibility for 160 gold pieces
 84769 | Vaults:4 | Bought a potion of cancellation for 120 gold pieces
 84777 | Vaults:4 | Bought 3 silver javelins for 144 gold pieces
 85092 | D:7      | Bought a potion of haste for 120 gold pieces
 85092 | D:7      | Bought a potion of heal wounds for 60 gold pieces
 85092 | D:7      | Bought a potion of curing for 36 gold pieces
 85092 | D:7      | Bought a potion of heal wounds for 60 gold pieces
 85092 | D:7      | Bought a potion of might for 48 gold pieces
 85350 | Depths:1 | Bought a potion of cancellation for 400 gold pieces
 85352 | Depths:1 | Bought a shiny helmet for 285 gold pieces
 85498 | Zig:1    | Entered Level 1 of a ziggurat
 85498 | Zig:1    | Noticed Poumoypt the pandemonium lord
 85514 | Zig:1    | Killed Poumoypt the pandemonium lord
 85594 | Zig:1    | your +10 gold dragon scales {rare} glow green for a moment.
 85600 | Zig:2    | Entered Level 2 of a ziggurat
 85634 | Zig:3    | Entered Level 3 of a ziggurat
 85634 | Zig:3    | Noticed a dread lich
 85641 | Zig:3    | Killed a dread lich
 85642 | Zig:3    | Reached skill level 20 in Throwing
 85647 | Zig:3    | Identified the +5 falchion of the Genius {vorpal, Fly rElec
                  | Str-5}
 85650 | Zig:3    | Acquired 1221 gold pieces
 85651 | Zig:3    | Acquired the ring of Egush {+Blink rCorr Str-4 Slay+5 SInv}
 85663 | Zig:4    | Entered Level 4 of a ziggurat
 85892 | Zig:5    | Entered Level 5 of a ziggurat
 85909 | Zig:5    | Reached skill level 25 in Fighting
 86097 | Zig:5    | Identified the +6 short sword of Greed {pain, Str-4 Int+5
                  | Dex+7}
 86100 | Zig:6    | Entered Level 6 of a ziggurat
 86100 | Zig:6    | Noticed a juggernaut
 86103 | Zig:6    | Noticed a juggernaut
 86134 | Zig:6    | Killed a juggernaut
 86137 | Zig:6    | Killed a juggernaut
 86138 | Zig:6    | Reached XP level 26. HP: 222/258 MP: 29/29
 86193 | Zig:6    | You pick up a book of Spatial Translocations and begin
                  | reading...
 86195 | Zig:6    | Identified the +5 falchion "Kiopn" {protect, +Blink Str-5
                  | Dex-4 Stlth+}
 86218 | Zig:7    | Entered Level 7 of a ziggurat
 86280 | Zig:7    | You pick up a book of the Wilderness and begin reading...
 86292 | Zig:7    | You pick up a book of Frost and begin reading...
 86309 | Zig:8    | Entered Level 8 of a ziggurat
 86611 | Zig:8    | Identified the +6 hand crossbow of Fate {speed, rElec
                  | Dex+7}
 86616 | Zig:8    | Identified the +0 cloak "Vasukeudgh" {rF+ Dex+2 Stlth+}
 86640 | Zig:9    | Entered Level 9 of a ziggurat
 86650 | Zig:9    | Noticed an ancient lich
 86661 | Zig:9    | Paralysed by a wendigo for 1 turns
 86666 | Zig:9    | Banished an ancient lich
 87013 | Zig:9    | You pick up a book of the Senses and begin reading...
 87013 | Zig:9    | You add the spells Dazzling Flash, Agony and Silence to
                  | your library.
 87033 | Zig:10   | Entered Level 10 of a ziggurat
 87047 | Zig:10   | Paralysed by accursed screaming for 1 turns
 87054 | Zig:10   | Paralysed by accursed screaming for 1 turns
 87092 | Zig:10   | HP: 64/258 [bone dragon (18)]
 87099 | Zig:10   | HP: 41/258 [raiju/living lightning (1)]
 87494 | Zig:10   | Identified a potion of experience
 87494 | Zig:10   | Found the +5 robe of Night {Dark Will+ SInv}
 87503 | Zig:10   | Reached XP level 27. HP: 266/266 MP: 29/29
 87605 | Zig:10   | your +11 gold dragon scales {rare} glow green for a moment.
 87609 | Zig:10   | You pick up a book of Frost and begin reading...
 87620 | Zig:11   | Entered Level 11 of a ziggurat
 87632 | Zig:11   | Reached skill level 22 in Armour
 87758 | Zot:1    | Entered Level 1 of the Realm of Zot
 88184 | Slime:1  | Entered Level 1 of the Pits of Slime
 88353 | Slime:2  | Reached skill level 21 in Throwing
 88616 | Slime:3  | You fall into a shaft and drop 1 floor!
 88908 | Slime:5  | Entered Level 5 of the Pits of Slime
 89359 | Slime:5  | Noticed the Royal Jelly
 91308 | Slime:5  | Found a viscous altar of Jiyva.
 91380 | Slime:5  | Killed the Royal Jelly
 91381 | Slime:5  | Reached skill level 26 in Fighting
 91667 | Slime:5  | You pick up a book of the Dragon and begin reading...
 91689 | Slime:5  | Identified the +11 rapier "Earthworm" {vorpal, rF+ rN+}
 91698 | Slime:5  | Got Tomidd's Handbook of Captivating Earth
 91716 | Slime:5  | You pick up a book of Fire and begin reading...
 91720 | Slime:5  | You pick up a book of Decay and begin reading...
 91724 | Slime:5  | You pick up a book of Chaos and begin reading...
 91729 | Slime:5  | Identified the +8 fustibalus of the Thing {vorpal, Stlth+}
 91751 | Slime:5  | Got a slimy rune of Zot
 92372 | Depths:2 | Voluntarily entered the Abyss.
 92637 | Abyss:1  | Killed an ancient lich
 93154 | Abyss:1  | Noticed a dread lich
 93386 | Abyss:5  | Entered Level 5 of the Abyss
 93520 | Abyss:5  | Found a transporter.
 93558 | Abyss:5  | +0 shadow dragon scales {rare}; a shadow dragon corpse
 93581 | Abyss:5  | Found a transporter.
 93583 | Abyss:5  | Reached skill level 24 in Armour
 93583 | Abyss:5  | Got an abyssal rune of Zot
 93584 | Depths:2 | You pass through the gate.
 93584 | Depths:2 | Escaped the Abyss
 94269 | Tomb:1   | Entered Level 1 of the Tomb of the Ancients
 94955 | Tomb:1   | Noticed a royal mummy
 94965 | Tomb:1   | Killed a royal mummy
 95386 | Tomb:1   | Identified the ring of Wede {rN+ Will+ Str+3}
 95551 | Tomb:1   | Corrupted Tomb:1
 95559 | Tomb:1   | Noticed a royal mummy
 95594 | Tomb:1   | Killed a royal mummy
 95604 | Tomb:1   | Noticed a royal mummy
 95613 | Tomb:1   | Killed a royal mummy
 95614 | Tomb:1   | Noticed a royal mummy
 95614 | Tomb:1   | Noticed a royal mummy
 95614 | Tomb:1   | Noticed a royal mummy
 95623 | Tomb:1   | Noticed a royal mummy
 95626 | Tomb:1   | Noticed a royal mummy
 95626 | Tomb:1   | Noticed a royal mummy
 95628 | Tomb:1   | Killed a royal mummy
 95632 | Tomb:1   | Killed a royal mummy
 95635 | Tomb:1   | Killed a royal mummy
 95636 | Tomb:1   | Killed a royal mummy
 95636 | Tomb:1   | Killed a royal mummy
 95637 | Tomb:1   | Noticed a royal mummy
 95637 | Tomb:1   | Noticed a royal mummy
 95639 | Tomb:1   | Killed a royal mummy
 95646 | Tomb:1   | Killed a royal mummy
 95647 | Tomb:1   | Reached skill level 25 in Armour
 95654 | Tomb:1   | Killed a royal mummy
 95789 | Tomb:1   | Noticed a royal mummy
 95791 | Tomb:1   | Noticed a royal mummy
 95804 | Tomb:1   | Killed a royal mummy
 95804 | Tomb:1   | Banished a royal mummy
 95805 | Tomb:1   | Reached skill level 22 in Throwing
 95879 | Tomb:1   | Noticed a royal mummy
 95883 | Tomb:1   | Noticed a royal mummy
 95896 | Tomb:1   | Banished a royal mummy
 95902 | Tomb:1   | Noticed a royal mummy
 95907 | Tomb:1   | Banished a royal mummy
 95909 | Tomb:1   | HP: 53/271 [emperor scorpion[a royal mummy] (16)]
 96434 | Tomb:1   | Noticed a royal mummy
 96441 | Tomb:1   | Banished a royal mummy
 96464 | Tomb:1   | Noticed a royal mummy
 96469 | Tomb:1   | Killed a royal mummy
 96469 | Tomb:1   | Noticed a royal mummy
 96471 | Tomb:1   | Noticed a royal mummy
 96473 | Tomb:1   | Noticed a royal mummy
 96474 | Tomb:1   | Noticed a royal mummy
 96477 | Tomb:1   | Killed a royal mummy
 96477 | Tomb:1   | Noticed a royal mummy
 96478 | Tomb:1   | Killed a royal mummy
 96480 | Tomb:1   | Noticed a royal mummy
 96480 | Tomb:1   | Noticed a royal mummy
 96488 | Tomb:1   | Killed a royal mummy
 96496 | Tomb:1   | Killed a royal mummy
 96502 | Tomb:1   | HP: 66/271 [emperor scorpion[a royal mummy] (6)]
 96962 | Tomb:1   | Noticed a royal mummy
 96976 | Tomb:1   | Killed a royal mummy
 96976 | Tomb:1   | Lost dexterity.
 97195 | Tomb:1   | Noticed a royal mummy
 97196 | Tomb:1   | Noticed a royal mummy
 97201 | Tomb:1   | Noticed a royal mummy
 97210 | Tomb:1   | Banished a royal mummy
 97219 | Tomb:1   | Killed a royal mummy
 97221 | Tomb:1   | Noticed a royal mummy
 97260 | Tomb:1   | Killed a royal mummy
 97267 | Tomb:1   | Killed a royal mummy
 97278 | Tomb:1   | Killed a royal mummy
 97553 | Tomb:1   | Killed a royal mummy
 97554 | Tomb:1   | Reached skill level 27 in Fighting
 97614 | Tomb:1   | Killed a royal mummy
 97674 | Tomb:1   | Killed a royal mummy
 98352 | Depths:4 | HP: 62/273 [storm dragon (13)]
 98354 | Depths:4 | HP: 14/273 [storm dragon (27)]
 99049 | Zot:1    | quicksilver dragon scales {rare}; a quicksilver dragon
                  | corpse
 99049 | Zot:1    | quicksilver dragon scales {rare}; a quicksilver dragon
                  | corpse
 99049 | Zot:1    | Could not pick up quicksilver dragon scales {rare} here;
                  | ([A]lways) ignore it?
 99049 | Zot:1    | Could not pick up quicksilver dragon scales {rare} here;
                  | ([A]lways) ignore it?
100344 | Zot:2    | You fall into a shaft and drop 2 floors!
100503 | Zot:4    | You pick up a book of Callings and begin reading...
100503 | Zot:4    | You add the spells Summon Small Mammal and Call Canine
                  | Familiar to your library.
100546 | Zot:3    | Noticed an electric golem
100556 | Zot:3    | Noticed a curse toe
100561 | Zot:3    | Killed an electric golem
100569 | Zot:3    | Killed a curse toe
100594 | Zot:3    | Reached skill level 26 in Armour
101407 | Zot:2    | Reached skill level 23 in Throwing
101412 | Zot:2    | HP: 58/273 [black draconian knight/bolt of lightning (31)]
101420 | Zot:2    | HP: 42/273 [white draconian stormcaller/divine providence
                  | (13)]
102427 | Zot:2    | You pick up a book of Rime and begin reading...
102731 | Zot:3    | Noticed an electric golem
102737 | Zot:3    | Banished an electric golem
103016 | Zot:3    | You pick up a book of Minor Magic and begin reading...
103667 | Zot:3    | Reached skill level 16 in Shields
104256 | Zot:4    | Noticed a curse toe
104279 | Zot:4    | Killed a curse toe
104565 | Zot:4    | Noticed an orb of fire
104584 | Zot:4    | Killed an orb of fire
105680 | Zot:5    | Entered Level 5 of the Realm of Zot
105713 | Zot:5    | +0 storm dragon scales {rare}; a storm dragon corpse
105713 | Zot:5    | +0 storm dragon scales {rare}; a storm dragon corpse
105713 | Zot:5    | Could not pick up +0 storm dragon scales {rare} here;
                  | ([A]lways) ignore it?
105829 | Zot:5    | Noticed a curse toe
105844 | Zot:5    | Banished a curse toe
105850 | Zot:5    | +0 shadow dragon scales {rare}; a shadow dragon corpse
106042 | Zot:5    | Identified +0 gold dragon scales
106215 | Zot:5    | +0 shadow dragon scales {rare}; a shadow dragon corpse
106217 | Zot:5    | +0 gold dragon scales {rare}; a golden dragon corpse
106305 | Zot:5    | Noticed a curse toe
106313 | Zot:5    | Killed a curse toe
106379 | Zot:4    | +0 storm dragon scales {rare}; a storm dragon corpse
106873 | D:5      | Bought the ring "Voasuwum" {rElec rPois rC- rN+ rCorr} for
                  | 441 gold pieces
107254 | Pan      | Entered Pandemonium
107391 | Pan      | Reached skill level 17 in Shields
107449 | Pan      | Noticed Buten the pandemonium lord
107467 | Pan      | HP: 66/273 [Buten the pandemonium lord (12)]
107473 | Pan      | Killed Buten the pandemonium lord
107474 | Pan      | Reached skill level 27 in Armour
107524 | Pan      | HP: 63/273 [balrug/bolt of fire (15)]
107533 | Pan      | HP: 58/273 [demonspawn warmonger/+2 vampiric demon blade
                  | (5)]
108476 | Pan      | Reached skill level 18 in Shields
108935 | Pan      | Learned a level 5 spell: Manifold Assault
108953 | Pan      | Reached skill level 1 in Translocations
109190 | Pan      | Found an exit through the horrors of the Abyss.
109198 | Pan      | Reached skill level 2 in Translocations
109623 | Pan      | Reached skill level 3 in Translocations
109730 | Pan      | You pick up a book of Minor Magic and begin reading...
109747 | Pan      | Noticed Lifiwn the pandemonium lord
109765 | Pan      | Killed Lifiwn the pandemonium lord
109765 | Pan      | HP: 45/273 [Ice Fiend/bolt of cold (24)]
109767 | Pan      | Corrupted Pan
109820 | Pan      | Reached skill level 4 in Translocations
110653 | Pan      | Found a transporter.
110677 | Pan      | magus.rc [v1.11.3]
110689 | Pan      | Reached skill level 5 in Translocations
110794 | Pan      | HP: 65/273 [demonspawn warmonger/+2 vorpal battleaxe (10)]
110799 | Pan      | HP: 51/273 [demonspawn warmonger/+2 vorpal battleaxe (11)]
111092 | Pan      | Reached skill level 6 in Translocations
111298 | Pan      | Found a transporter.
111567 | Pan      | You pick up a book of Air and begin reading...
111567 | Pan      | You add the spells Shock and Airstrike to your library.
111664 | Pan      | You pick up a book of Rime and begin reading...
111739 | Pan      | Reached skill level 7 in Translocations
111746 | Pan      | HP: 60/273 [demonspawn black sun/dispel undead (36)]
112328 | Pan      | Identified the ring of the Scavenger {Fire Str+2 Int+4}
112342 | Pan      | Identified the amulet "Zucixt" {Reflect rCorr Str+2 Int+2
                  | Dex+3 SH+5}
112418 | Pan      | Reached skill level 19 in Shields
112656 | Pan      | Noticed Emukuem the pandemonium lord
112677 | Pan      | Killed Emukuem the pandemonium lord
112679 | Pan      | Reached skill level 8 in Translocations
112935 | Pan      | Identified the +5 dagger "Hitseluo" {distort, MP+9}
112947 | Pan      | Found an exit through the horrors of the Abyss.
112990 | Pan      | Identified the +6 dire flail of the Kidney {speed, Str+3
                  | SInv}
113788 | Pan      | Noticed Sisel the pandemonium lord
113805 | Pan      | Reached skill level 9 in Translocations
113818 | Pan      | HP: 59/273 [Sisel the pandemonium lord/living lightning
                  | (23)]
113824 | Pan      | HP: 44/273 [sun demon (16)]
113824 | Pan      | HP: 14/273 [Sisel the pandemonium lord/living lightning
                  | (28)]
113825 | Abyss:1  | Killed from afar by a quicksilver dragon

Vanquished Creatures
  the Royal Jelly (Slime:5)
  A dread lich (Zig:3)
  2 ancient liches
  An orb of fire (Zot:4)
  2 juggernauts (Zig:6)
  23 royal mummies (Tomb:1)
  2 Killer Klowns
  Vv (Depths:2)
  Saint Roka (Elf:2)
  3 curse toes
  7 golden dragons
  4 pandemonium lords
  A profane servitor (Crypt:3)
  3 bone dragons
  the Enchantress (Depths:2)
  An electric golem (Zot:3)
  4 Brimstone Fiends (Pan)
  3 Hell Sentinels (Pan)
  3 Ice Fiends
  2 liches
  Mlioglotl (Spider:2)
  6 tentacled monstrosities
  6 titans
  A walking earthen tome (Depths:1)
  A quicksilver dragon (shapeshifter) (Vaults:5)
  3 quicksilver dragons
  Jorgrun (Elf:2)
  24 acid blobs
  5 deep elf blademasters
  3 deep elf master archers
  5 Executioners
  10 ancient champions
  Agnes (D:14)
  3 tentacled starspawn
  8 death cobs
  4 tengu reavers
  10 sphinxes
  A thorn hunter (Swamp:1)
  12 shadow dragons
  12 storm dragons
  7 draconian monks
  8 demonspawn warmongers (Pan)
  The ghost of spaghetti the Tortoise, an adept DsMo of Qazlal (Spider:4)
  7 rockslimes
  3 revenants
  5 fire giants
  A nargun (Zig:9)
  6 draconian knights
  2 nagarajas (Zig:7)
  4 emperor scorpions
  11 vault wardens
  17 azure jellies
  7 balrugs (Pan)
  8 cacodemons
  5 iron dragons
  10 deep elf sorcerers
  Aizul (Lair:2)
  8 frost giants
  8 draconian shifters
  9 ghost moths
  6 draconian scorchers
  5 ghouls
  3 war gargoyles
  6 draconian stormcallers
  A curse skull (Crypt:3)
  14 ironbound preservers
  9 quicksilver oozes
  8 deep elf elementalists (Elf:3)
  8 draconian annihilators
  4 spriggan defenders
  7 broodmothers
  24 very ugly things
  16 stone giants
  7 ironbound thunderhulks
  6 demonspawn corrupters (Pan)
  5 demonspawn blood saints (Pan)
  A caustic shrike skeleton (Crypt:2)
  2 deep elf demonologists (Elf:3)
  4 reapers
  4 lorocyprocas (Pan)
  5 eleionomae
  9 black draconians
  5 green draconians
  7 vampire knights
  7 white draconians
  Azrael (Spider:2)
  2 demonspawn black suns (Pan)
  6 deep elf annihilators
  A minotaur (Gauntlet)
  3 bunyips
  6 entropy weavers
  8 yellow draconians
  19 red draconians
  The ghost of Vainiore the Grappler, a journeyman VSTm of Qazlal (Lair:5)
  7 dire elephants
  10 purple draconians
  9 spark wasps
  3 wendigos (Zig:9)
  9 deep elf death magi
  11 ettins
  6 mummy priests (Tomb:1)
  4 eidola
  6 blizzard demons (Pan)
  A merfolk javelineer (Depths:2)
  7 fire dragons
  2 shambling mangroves
  A crystal guardian (Vaults:2)
  2 green deaths (Pan)
  Josephine (D:13)
  15 jiangshi
  12 yaktaur captains
  13 hydras
  Fannar (Lair:3)
  13 great orbs of eyes
  9 boulder beetles
  Erolcha (D:12)
  3 catoblepae
  27 vault guards
  16 deep elf high priests
  A spriggan skeleton (Crypt:3)
  6 ice dragons
  2 hell beasts (Pan)
  5 ghost crabs (Swamp:1)
  5 spriggan air magi
  A naga warrior (Abyss:5)
  5 jorogumos
  2 rakshasas (Depths:2)
  2 peacekeepers
  4 ogre magi
  3 radroaches
  10 centaur warriors
  3 two-headed ogres
  An anaconda (Zig:7)
  7 ironbound frosthearts
  7 alligators
  2 tengu warriors
  6 death knights
  21 dancing weapons
  27 death scarabs
  3 deep troll shamans
  13 death yaks
  3 vampire magi
  6 holy swine (Pan)
  3 hell hogs (Pan)
  A titan zombie (Crypt:2)
  3 deep troll earth magi (Depths:2)
  2 naga sharpshooters
  6 thrashing horrors
  Urug (Orc:1)
  A shock serpent (Zig:7)
  4 orc high priests
  A titan skeleton (Depths:3)
  27 sun demons
  4 spriggan berserkers
  6 soul eaters (Pan)
  A hell knight (Vaults:5)
  17 deep elf knights
  10 spriggans
  9 sixfirhies (Pan)
  3 wretched stars
  A fire crab (shapeshifter) (Depths:2)
  An iron troll (shapeshifter) (Vaults:5)
  8 pharaoh ants
  2 spatial maelstroms (Abyss:5)
  4 iron trolls (Depths:2)
  7 shadow wraiths
  51 skeletal warriors
  5 goliath frogs
  A golden dragon zombie (Depths:3)
  A spark wasp zombie (Depths:3)
  12 orb spiders
  3 sun moths
  5 spriggan druids
  2 orange crystal statues (Zig:2)
  2 bog bodies
  A spectral iron dragon (Crypt:3)
  4 glowing orange brains
  8 swamp dragons
  50 deep trolls
  A shadow demon (Pan)
  4 flayed ghosts
  4 steelbarb worms
  13 phantasmal warriors
  A spriggan simulacrum (Crypt:2)
  2 golden dragon skeletons
  6 orc knights
  13 deep elf archers
  31 deep elf zephyrmancers
  5 wizards
  3 spectral fire dragons (Crypt:2)
  2 sphinx zombies
  22 wolf spiders
  14 ironbound convokers
  4 harpies (Vaults:2)
  7 lindwurms
  25 deep elf pyromancers
  5 cyclopes
  An iron dragon zombie (Crypt:2)
  20 ugly things
  7 necromancers
  7 orc sorcerers
  A mana viper (Zig:7)
  2 will-o-the-wisps
  6 manticores
  7 shining eyes
  3 spectral ice dragons (Crypt:2)
  34 large abominations
  2 worldbinders
  A stone giant zombie (Crypt:2)
  2 salamanders
  An iron dragon skeleton (Depths:3)
  An eleionoma skeleton (Crypt:2)
  2 salamanders (shapeshifter)
  21 moths of wrath
  2 spectral centaurs (Crypt:3)
  5 draconians (Abyss:5)
  3 guardian serpents
  3 rust devils
  10 vault sentinels
  4 eyes of devastation
  11 cane toads
  8 elephants
  22 smoke demons
  2 ice statues (Zig:2)
  3 torpor snails (Spider:4)
  4 apocalypse crabs
  3 black mambas
  A naga mage (Abyss:5)
  A black draconian zombie (Abyss:1)
  13 hellions
  3 orange demons
  16 komodo dragons
  Maggie (D:8)
  7 rime drakes
  A centaur skeleton (Abyss:1)
  A komodo dragon (shapeshifter) (Depths:2)
  20 yaktaurs
  2 minotaur zombies (Gauntlet)
  An unseen horror (shapeshifter) (Vaults:5)
  A tengu conjurer (D:13)
  2 efreet
  An alligator snapping turtle skeleton (Crypt:1)
  13 freezing wraiths
  11 hellwings
  14 demonic crawlers
  A red devil (Pan)
  A golden dragon simulacrum (Depths:3)
  3 ice devils
  5 tormentors (Pan)
  3 ancient zymes
  A harpy zombie (Crypt:1)
  6 meliai (Spider:3)
  A queen bee (shapeshifter) (D:14)
  11 guardian mummies
  A green draconian skeleton (Crypt:1)
  7 polar bears
  13 hornets
  10 trolls
  A wolf spider simulacrum (D:15)
  A bloated husk (Swamp:1)
  33 tarantellas
  A tarantella zombie (Crypt:2)
  5 tyrant leeches
  A dream sheep (shapeshifter) (D:15)
  A shadow dragon simulacrum (Depths:3)
  72 slime creatures
  A guardian serpent zombie (Crypt:2)
  3 raiju
  21 blink frogs
  A jumping spider zombie (Crypt:2)
  A culicivora (shapeshifter) (D:15)
  30 jumping spiders
  18 culicivoras
  70 flying skulls
  An air elemental (Elf:2)
  A black mamba zombie (Crypt:2)
  6 shadows
  18 wraiths
  5 vampires
  16 ynoxinuls
  A wind drake zombie (Crypt:1)
  An ushabti (Tomb:1)
  38 yaks
  A basilisk (shapeshifter) (Zig:10)
  10 humans (D:13)
  5 wyverns
  18 water elementals
  30 fire elementals
  4 fire bats (D:12)
  4 neqoxecs
  2 steam dragons (D:8)
  22 chaos spawn
  9 wargs
  4 vampire mosquitoes
  9 basilisks
  56 redbacks
  19 swamp worms
  2 acid dragons
  A death yak simulacrum (Lair:5)
  2 harpy simulacra
  A naga zombie (Crypt:1)
  6 small abominations
  3 hydra simulacra
  3 nagas
  3 two-headed ogre zombies
  14 water moccasins
  3 hell hounds (Spider:2)
  A floating eye (Depths:2)
  9 swamp drakes
  3 boulder beetle simulacra (Lair:5)
  2 faun skeletons (Crypt:1)
  24 orc warriors
  5 sky beasts
  2 black bears
  3 ice beasts
  20 wolves
  10 ogres
  3 boggarts (Gauntlet)
  A hog zombie (Crypt:1)
  A black mamba simulacrum (Lair:5)
  13 centaurs
  An elephant skeleton (Crypt:2)
  2 phantoms
  A kobold brigand (D:8)
  A gnoll sergeant (D:11)
  9 bullfrogs
  7 necrophages
  A scorpion (D:4)
  3 earth elementals (Elf:2)
  3 wights (WizLab)
  8 troll zombies (WizLab)
  5 howler monkeys
  11 electric eels
  A torpor snail simulacrum (Lair:5)
  A crimson imp (D:3)
  A bullfrog zombie (Crypt:1)
  A komodo dragon simulacrum (Lair:5)
  16 starcursed masses
  2 lava snakes (D:12)
  2 quasits (Abyss:1)
  A bullfrog skeleton (Crypt:2)
  4 hounds
  12 orc priests
  2 gnoll shamans (D:7)
  2 iron imps (Abyss:1)
  3 iguanas
  Ijyb (D:5)
  16 hell rats
  57 orc wizards
  14 ogre zombies
  22 mummies (Tomb:1)
  12 gnolls
  11 adders
  2 shadow imps
  A white imp (D:6)
  4 ufetubi
  A worm (D:2)
  2 dart slugs (D:1)
  102 orcs
  7 ball pythons
  5 bats
  5 endoplasms
  4 giant cockroaches
  3 goblins
  6 hobgoblins
  10 jackals
  13 kobolds
  4 quokkas
  2 frilled lizards (D:1)
  7 goblin skeletons
  A goblin zombie (D:10)
  A hobgoblin skeleton (D:10)
  7 hobgoblin zombies
  A kobold skeleton (D:3)
  A kobold zombie (D:3)
  3 orc skeletons
  11 orc zombies (D:10)
  6 rats
  A briar patch (Swamp:1)
  A lurking horror (Abyss:5)
  6 starspawn tentacles
2789 creatures vanquished.

Vanquished Creatures (collateral kills)
  A demonspawn warmonger (Pan)
  A spriggan air mage (Depths:2)
  A soul eater (Pan)
  2 swamp dragons (Swamp:4)
  2 spriggans (Depths:2)
  A phantom (D:4)
8 creatures vanquished.

Vanquished Creatures (others)
  2 royal mummies (Tomb:1)
  2 Ice Fiends (Pan)
  A Hell Sentinel (Pan)
  An ancient champion (Tomb:1)
  A draconian knight (Depths:4)
  A bunyip (Swamp:4)
  A green death (Abyss:1)
  A sun demon (Pan)
  A swamp dragon (Swamp:4)
  A spriggan druid (Swamp:4)
  A deep elf zephyrmancer (Elf:1)
  A wolf spider (Spider:4)
  A manticore (D:15)
  A deep elf pyromancer (Elf:1)
  3 smoke demons (Pan)
  A demonic crawler (Zig:5)
  A guardian mummy (Tomb:1)
  A tarantella (Spider:4)
  2 water elementals
  A fire elemental (Spider:2)
  A human (D:13)
  5 chaos spawn (Pan)
  A naga (Zig:7)
  An orc warrior (Vaults:5)
  An orc wizard (Orc:2)
  2 orcs
  3 fire vortices (D:12)
  6 foxfires (Abyss:5)
  36 fungi
  68 plants
  26 starspawn tentacles
  23 withered plants (Gauntlet)
198 creatures vanquished.

Grand Total: 2995 creatures vanquished

Table legend:
 A = Non-vault XP
 B = Vault XP
 C = Vault XP percentage of total XP
 D = Non-vault monster count
 E = Vault monster count
 F = Vault count percentage of total count
                 A         B        C        D         E       F
            +---------+---------+-------+---------+---------+-------
      Total |  994211 |  766724 |  43.5 |    1901 |    1112 |  36.9
            +---------+---------+-------+---------+---------+-------
        D:1 |      30 |      15 |  33.3 |      16 |       7 |  30.4
        D:2 |       8 |       1 |  11.1 |       3 |       1 |  25.0
        D:3 |     124 |      57 |  31.5 |      36 |       8 |  18.2
        D:4 |     306 |     247 |  44.7 |      16 |      21 |  56.8
        D:5 |     542 |     398 |  42.3 |       8 |       7 |  46.7
        D:6 |     864 |       0 |   0.0 |      14 |       0 |   0.0
        D:7 |    1257 |       0 |   0.0 |      32 |       0 |   0.0
        D:8 |    1608 |     385 |  19.3 |      30 |       1 |   3.2
        D:9 |    1124 |    3104 |  73.4 |      10 |      10 |  50.0
       D:10 |    3045 |     593 |  16.3 |      19 |      36 |  65.5
       D:11 |    2162 |     562 |  20.6 |      11 |       1 |   8.3
       D:12 |    5699 |    2304 |  28.8 |      22 |      10 |  31.2
       D:13 |    7328 |    6104 |  45.4 |      16 |      22 |  57.9
       D:14 |    9371 |    7532 |  44.6 |      33 |      11 |  25.0
       D:15 |   18478 |    2849 |  13.4 |      41 |       4 |   8.9
     Lair:1 |    2079 |       0 |   0.0 |       8 |       0 |   0.0
     Lair:2 |    9250 |    4190 |  31.2 |      34 |       7 |  17.1
     Lair:3 |    4230 |     889 |  17.4 |      29 |       1 |   3.3
     Lair:4 |    3986 |     440 |   9.9 |      20 |       2 |   9.1
     Lair:5 |    7531 |    5442 |  41.9 |      23 |      16 |  41.0
     Lair:6 |   15210 |    6809 |  30.9 |      39 |      14 |  26.4
    Swamp:1 |   11174 |    8611 |  43.5 |      21 |      12 |  36.4
    Swamp:2 |    5087 |       0 |   0.0 |       8 |       0 |   0.0
    Swamp:3 |   12076 |       0 |   0.0 |      24 |       0 |   0.0
    Swamp:4 |   13588 |   16509 |  54.9 |      22 |      28 |  56.0
   Spider:1 |   13325 |      83 |   0.6 |      33 |       1 |   2.9
   Spider:2 |   19180 |    3861 |  16.8 |      51 |       8 |  13.6
   Spider:3 |   22489 |       0 |   0.0 |      53 |       0 |   0.0
   Spider:4 |   16570 |   30560 |  64.8 |      42 |      53 |  55.8
    Slime:1 |    5670 |       0 |   0.0 |       8 |       0 |   0.0
    Slime:2 |   10655 |       0 |   0.0 |      17 |       0 |   0.0
    Slime:3 |   13314 |       0 |   0.0 |      23 |       0 |   0.0
    Slime:4 |   12109 |       0 |   0.0 |      23 |       0 |   0.0
    Slime:5 |   13652 |   22725 |  62.5 |      22 |      17 |  43.6
      Orc:1 |    3238 |    1559 |  32.5 |      35 |       2 |   5.4
      Orc:2 |    2937 |    4921 |  62.6 |      11 |      62 |  84.9
      Elf:1 |   15537 |    2986 |  16.1 |      31 |       5 |  13.9
      Elf:2 |   29033 |   27094 |  48.3 |      53 |      43 |  44.8
      Elf:3 |   11184 |   47942 |  81.1 |      20 |      43 |  68.3
   Vaults:1 |   27505 |    1634 |   5.6 |      37 |       3 |   7.5
   Vaults:2 |   41431 |   24695 |  37.3 |      53 |      30 |  36.1
   Vaults:3 |   14451 |   24492 |  62.9 |      23 |      30 |  56.6
   Vaults:4 |   22558 |   75487 |  77.0 |      33 |      77 |  70.0
   Vaults:5 |   22123 |   50861 |  69.7 |      31 |      49 |  61.2
    Crypt:1 |   19620 |       0 |   0.0 |      34 |       0 |   0.0
    Crypt:2 |   39650 |   15385 |  28.0 |      56 |      32 |  36.4
    Crypt:3 |       0 |   68607 | 100.0 |       0 |     118 | 100.0
     Tomb:1 |    7598 |  132861 |  94.6 |      28 |      96 |  77.4
   Depths:1 |    7664 |    5927 |  43.6 |       7 |       7 |  50.0
   Depths:2 |   25765 |   31268 |  54.8 |      36 |      32 |  47.1
   Depths:3 |   26102 |    9179 |  26.0 |      32 |      13 |  28.9
   Depths:4 |   32295 |   18853 |  36.9 |      32 |      17 |  34.7
      Zot:1 |   28412 |       0 |   0.0 |      28 |       0 |   0.0
      Zot:2 |   29752 |       0 |   0.0 |      25 |       0 |   0.0
      Zot:3 |   38294 |   22341 |  36.8 |      29 |      18 |  38.3
      Zot:4 |   47540 |   14654 |  23.6 |      39 |      26 |  40.0
      Zot:5 |   31542 |       0 |   0.0 |      22 |       0 |   0.0
    Abyss:1 |       0 |       0 |   N/A |      60 |      21 |  25.9
    Abyss:2 |       0 |       0 |   N/A |       5 |       0 |   0.0
    Abyss:3 |       0 |       0 |   N/A |       2 |       0 |   0.0
    Abyss:5 |       0 |       0 |   N/A |      30 |      14 |  31.8
        Pan |  123227 |   51120 |  29.3 |     187 |      54 |  22.4
      Zig:1 |    2397 |       0 |   0.0 |       1 |       0 |   0.0
      Zig:2 |    1596 |    2264 |  58.7 |       4 |       4 |  50.0
      Zig:3 |    6387 |       0 |   0.0 |       3 |       0 |   0.0
      Zig:4 |    3903 |       0 |   0.0 |       5 |       0 |   0.0
      Zig:5 |    3769 |       0 |   0.0 |       7 |       0 |   0.0
      Zig:6 |   11421 |       0 |   0.0 |       9 |       0 |   0.0
      Zig:7 |    8080 |       0 |   0.0 |      12 |       0 |   0.0
      Zig:8 |    9593 |       0 |   0.0 |       9 |       0 |   0.0
      Zig:9 |   13437 |       0 |   0.0 |       9 |       0 |   0.0
     Zig:10 |   11207 |       0 |   0.0 |      26 |       0 |   0.0
     WizLab |   11842 |    4497 |  27.5 |      30 |       5 |  14.3
   Gauntlet |       0 |    3827 | 100.0 |       0 |      13 | 100.0
            +---------+---------+-------+---------+---------+-------

Illustrated notes

Table legend:
 A = Kills in this place as a percentage of kills in entire the game.
 B = Kills by you in this place as a percentage of kills by you in the entire game.
 C = Kills by friends in this place as a percentage of kills by friends in the entire game.
 D = Other kills in this place as a percentage of other kills in the entire game.
 E = Experience gained in this place as a percentage of experience gained in the entire game.
 F = Experience gained in this place divided by the number of levels of this place that you have seen.
                   A       B       C       D       E      F
               +-------+-------+-------+-------+-------+----------------------
         Total | 100.0 | 100.0 | 100.0 | 100.0 | 100.0 | 20963.5
       Dungeon |  14.8 |  15.4 |  12.5 |   8.6 |   4.3 | 5073.1
          Lair |   6.4 |   6.9 |   0.0 |   1.6 |   3.4 | 10009.3
         Swamp |   3.8 |   3.5 |  25.0 |   7.0 |   3.8 | 16761.2
   Spider Nest |   8.0 |   8.7 |   0.0 |   0.8 |   6.0 | 26517.0
    Slime Pits |   3.7 |   3.5 |   0.0 |   5.8 |   4.4 | 15625.0
  Orcish Mines |   3.7 |   3.9 |   0.0 |   1.2 |   0.7 | 6327.5
   Elven Halls |   6.5 |   6.7 |   0.0 |   4.3 |   7.6 | 44592.0
        Vaults |  12.1 |  11.2 |   0.0 |  23.0 |  17.3 | 61047.4
         Crypt |   8.0 |   7.8 |   0.0 |  10.1 |   8.1 | 47754.0
          Tomb |   4.1 |   4.1 |   0.0 |   4.7 |   8.0 | 140459.0
        Depths |   5.8 |   5.4 |  37.5 |   9.3 |   8.9 | 39263.2
           Zot |   6.2 |   5.9 |   0.0 |   9.3 |  12.1 | 42507.0
         Abyss |   4.4 |   4.3 |   0.0 |   5.4 |   0.0 |   0.0
   Pandemonium |   8.0 |   8.3 |  25.0 |   3.9 |   9.9 | 34869.4
      Ziggurat |   3.0 |   2.8 |   0.0 |   4.3 |   4.2 | 6732.2
        Wizlab |   1.2 |   1.2 |   0.0 |   0.4 |   0.9 | 16339.0
      Gauntlet |   0.4 |   0.4 |   0.0 |   0.4 |   0.2 | 3827.0
               +-------+-------+-------+-------+-------+----------------------

Table legend: (Time is in decaauts)
 A = Elapsed time spent in this place.
 B = Non-inter-level travel time spent in this place.
 C = Inter-level travel time spent in this place.
 D = Time resting spent in this place.
 E = Time spent auto-exploring this place.
 F = Levels seen in this place.
 G = Mean time per level.
                   A        B        C        D        E       F      G
               +--------+--------+--------+--------+--------+-----+--------+
         Total | 113846 | 103753 |  10093 |  30781 |  54524 |  84 | 1355.3 |
       Dungeon |  27366 |  22780 |   4586 |   5531 |  14071 |  15 | 1824.4 |
          Lair |  12314 |  10965 |   1349 |   2532 |   6949 |   6 | 2052.3 |
         Swamp |   5607 |   5386 |    221 |   1601 |   2901 |   4 | 1401.8 |
   Spider Nest |   4985 |   4740 |    245 |    460 |   3309 |   4 | 1246.2 |
    Slime Pits |   3720 |   3603 |    117 |   2073 |    902 |   5 |  744.0 |
  Orcish Mines |   2580 |   2272 |    308 |    904 |    945 |   2 | 1290.0 |
   Elven Halls |   5745 |   5534 |    211 |   1440 |   2835 |   3 | 1915.0 |
        Vaults |  14691 |  13585 |   1106 |   5023 |   6503 |   5 | 2938.2 |
         Crypt |   4473 |   4132 |    341 |    638 |   2491 |   3 | 1491.0 |
          Tomb |   3731 |   3579 |    152 |   1713 |   1059 |   1 | 3731.0 |
        Depths |   9207 |   8065 |   1142 |   2456 |   4353 |   4 | 2301.8 |
           Zot |   7558 |   7250 |    308 |   1627 |   4448 |   5 | 1511.6 |
         Abyss |   1207 |   1207 |      0 |    487 |      3 |   8 |  150.9 |
   Pandemonium |   6445 |   6445 |      0 |   1905 |   3068 |   5 | 1289.0 |
      Ziggurat |   2085 |   2085 |      0 |   1432 |    207 |  11 |  189.5 |
        Bazaar |     57 |     57 |      0 |      0 |     16 |   1 |   57.0 |
        Wizlab |    742 |    742 |      0 |    298 |    143 |   1 |  742.0 |
      Gauntlet |   1326 |   1326 |      0 |    656 |    319 |   1 | 1326.0 |
               +--------+--------+--------+--------+--------+-----+--------+

Top non-repeatable levels by time:
Vaults:4: 4761 daAuts
  Tomb:1: 3731 daAuts
    D:15: 3160 daAuts
Vaults:5: 3146 daAuts
   Elf:3: 3136 daAuts
Depths:4: 3045 daAuts
  Lair:2: 3041 daAuts
    D:12: 2991 daAuts
Depths:2: 2733 daAuts
    D:10: 2712 daAuts
    D:14: 2557 daAuts
     D:9: 2510 daAuts
Vaults:1: 2484 daAuts
  Lair:5: 2451 daAuts
Vaults:2: 2385 daAuts
